Workbook
Name IQ_CH: 110000
Name IQ_CQ: 5000
Name IQ_CY: 10000
Name IQ_DAILY: 500000
Name IQ_FH: 100000
Name IQ_FQ: 500
Name IQ_FY: 1000
Name IQ_LTM: 2000
Name IQ_MONTH: 15000
Name IQ_NTM: 6000
Name IQ_WEEK: 50000
Name IQ_YTD: 3000

Sheet Gráficos (2)
B22: RENTABILIDADES (%) | I22: RENTABILIDADES (%) | P22: RENTABILIDADES (%) | W22: RENTABILIDADES (%)
B23: FARO CAPITAL DEUDA GLOBAL FMIV | F23: FONDO DE FONDOS FARO CAPITAL DEUDA GLOBAL FMIV | I23: FARO CAPITAL RENTA VARIABLE GLOBAL FMIV | M23: FONDO DE FONDOS FARO CAPITAL RENTA VARIABLE GLOBAL FMIV | P23: FARO CAPITAL GLOBAL INNOVATION FMIV | T23: FONDO DE FONDOS FARO CAPITAL GLOBAL INNOVATION FMIV | W23: FARO CAPITAL CORTO PLAZO DOLARES FMIV
C25: 2 | D25: 3 | E25: 4 | F25: 15 | J25: 5 | K25: 6 | L25: 7 | M25: 16 | Q25: 8 | R25: 9 | S25: 10 | T25: 14 | X25: 11 | Y25: 11 | Z25: 12
C26: Serie A | D26: Serie B | E26: Serie C | F26: Serie Retail | J26: Serie A | K26: Serie B | L26: Serie C | M26: Serie Retail | Q26: Serie A | R26: Serie B | S26: Serie C | T26: Serie Retail | Y26: Serie A | Z26: Serie B
A27: =+EOMONTH(MAX('Valores Cuota Diarios'!B:B),-1) -> 46022 | B27: =+$A$27 -> 46022 | C27: =+(VLOOKUP($A27,'Valores Cuota Diarios'!$B:$Q,'Gráficos (2)'!C$25,0)/VLOOKUP($A28,'Valores Cuota Diarios'!$B:$Q,'Gráficos (2)'!C$25,0))-1 -> 0.090082333 | D27: =+(VLOOKUP($A27,'Valores Cuota Diarios'!$B:$Q,'Gráficos (2)'!D$25,0)/VLOOKUP($A28,'Valores Cuota Diarios'!$B:$Q,'Gráficos (2)'!D$25,0))-1 -> 0.089430427 | E27: =+(VLOOKUP($A27,'Valores Cuota Diarios'!$B:$Q,'Gráficos (2)'!E$25,0)/VLOOKUP($A28,'Valores Cuota Diarios'!$B:$Q,'Gráficos (2)'!E$25,0))-1 -> 0.088778909 | F27: =+(VLOOKUP($A27,'Valores Cuota Diarios'!$B:$Q,'Gráficos (2)'!F$25,0)/VLOOKUP($A28,'Valores Cuota Diarios'!$B:$Q,'Gráficos (2)'!F$25,0))-1 -> 0.085912742 | I27: =+$A$27 -> 46022 | J27: =+(VLOOKUP($A27,'Valores Cuota Diarios'!$B:$Q,'Gráficos (2)'!J$25,0)/VLOOKUP($A28,'Valores Cuota Diarios'!$B:$Q,'Gráficos (2)'!J$25,0))-1 -> 0.15842129 | K27: =+(VLOOKUP($A27,'Valores Cuota Diarios'!$B:$Q,'Gráficos (2)'!K$25,0)/VLOOKUP($A28,'Valores Cuota Diarios'!$B:$Q,'Gráficos (2)'!K$25,0))-1 -> 0.15565266 | L27: =+(VLOOKUP($A27,'Valores Cuota Diarios'!$B:$Q,'Gráficos (2)'!L$25,0)/VLOOKUP($A28,'Valores Cuota Diarios'!$B:$Q,'Gráficos (2)'!L$25,0))-1 -> 0.15289062 | M27: =+(VLOOKUP($A27,'Valores Cuota Diarios'!$B:$Q,'Gráficos (2)'!M$25,0)/VLOOKUP($A28,'Valores Cuota Diarios'!$B:$Q,'Gráficos (2)'!M$25,0))-1 -> 0.14908938 | P27: =+$A$27 -> 46022 | Q27: =-(1) -> -1 | R27: =+(VLOOKUP($A27,'Valores Cuota Diarios'!$B:$Q,'Gráficos (2)'!R$25,0)/VLOOKUP($A28,'Valores Cuota Diarios'!$B:$Q,'Gráficos (2)'!R$25,0))-1 -> -1 | S27: =+(VLOOKUP($A27,'Valores Cuota Diarios'!$B:$Q,'Gráficos (2)'!S$25,0)/VLOOKUP($A28,'Valores Cuota Diarios'!$B:$Q,'Gráficos (2)'!S$25,0))-1 -> -1 | T27: =+(VLOOKUP($A27,'Valores Cuota Diarios'!$B:$Q,'Gráficos (2)'!T$25,0)/VLOOKUP($A28,'Valores Cuota Diarios'!$B:$Q,'Gráficos (2)'!T$25,0))-1 -> -1 | W27: =+$A$27 -> 46022 | Y27: - | Z27: =+(VLOOKUP($A27,'Valores Cuota Diarios'!$B:$Q,'Gráficos (2)'!Z$25,0)/VLOOKUP($A28,'Valores Cuota Diarios'!$B:$Q,'Gráficos (2)'!Z$25,0))-1 -> 0.038225898
A28: 45657 | B28: 2024 | C28: =+((1+(VLOOKUP($A28,'Valores Cuota Diarios'!$B:$Q,'Gráficos (2)'!C$25,0)/VLOOKUP($A29,'Valores Cuota Diarios'!$B:$Q,'Gráficos (2)'!C$25,0))-1)^(360/366))-1 -> 0.023200086 | D28: =+((1+(VLOOKUP($A28,'Valores Cuota Diarios'!$B:$Q,'Gráficos (2)'!D$25,0)/VLOOKUP($A29,'Valores Cuota Diarios'!$B:$Q,'Gráficos (2)'!D$25,0))-1)^(360/366))-1 -> 0.022037872 | E28: =+((1+(VLOOKUP($A28,'Valores Cuota Diarios'!$B:$Q,'Gráficos (2)'!E$25,0)/VLOOKUP($A29,'Valores Cuota Diarios'!$B:$Q,'Gráficos (2)'!E$25,0))-1)^(360/366))-1 -> 0.020876975 | F28: =+((1+(VLOOKUP($A28,'Valores Cuota Diarios'!$B:$Q,'Gráficos (2)'!F$25,0)/VLOOKUP($A29,'Valores Cuota Diarios'!$B:$Q,'Gráficos (2)'!F$25,0))-1)^(360/366))-1 -> 0.018151735 | I28: 2024 | J28: =+((1+(VLOOKUP($A28,'Valores Cuota Diarios'!$B:$Q,'Gráficos (2)'!J$25,0)/VLOOKUP($A29,'Valores Cuota Diarios'!$B:$Q,'Gráficos (2)'!J$25,0))-1)^(360/366))-1 -> 0.12760569 | K28: =+((1+(VLOOKUP($A28,'Valores Cuota Diarios'!$B:$Q,'Gráficos (2)'!K$25,0)/VLOOKUP($A29,'Valores Cuota Diarios'!$B:$Q,'Gráficos (2)'!K$25,0))-1)^(360/366))-1 -> 0.1249476 | L28: =+((1+(VLOOKUP($A28,'Valores Cuota Diarios'!$B:$Q,'Gráficos (2)'!L$25,0)/VLOOKUP($A29,'Valores Cuota Diarios'!$B:$Q,'Gráficos (2)'!L$25,0))-1)^(360/366))-1 -> 0.11984511 | M28: =+((1+(VLOOKUP($A28,'Valores Cuota Diarios'!$B:$Q,'Gráficos (2)'!M$25,0)/VLOOKUP($A29,'Valores Cuota Diarios'!$B:$Q,'Gráficos (2)'!M$25,0))-1)^(360/366))-1 -> 0.11700977 | P28: 2024 | Q28: =-(1) -> -1 | R28: =+((1+(VLOOKUP($A28,'Valores Cuota Diarios'!$B:$Q,'Gráficos (2)'!R$25,0)/VLOOKUP($A29,'Valores Cuota Diarios'!$B:$Q,'Gráficos (2)'!R$25,0))-1)^(360/366))-1 -> 0.090677291 | S28: =+((1+(VLOOKUP($A28,'Valores Cuota Diarios'!$B:$Q,'Gráficos (2)'!S$25,0)/VLOOKUP($A29,'Valores Cuota Diarios'!$B:$Q,'Gráficos (2)'!S$25,0))-1)^(360/366))-1 -> 0.088106218 | T28: =+((1+(VLOOKUP($A28,'Valores Cuota Diarios'!$B:$Q,'Gráficos (2)'!T$25,0)/VLOOKUP($A29,'Valores Cuota Diarios'!$B:$Q,'Gráficos (2)'!T$25,0))-1)^(360/366))-1 -> 0.084146515 | W28: 2024 | Y28: =+((1+(VLOOKUP($A28,'Valores Cuota Diarios'!$B:$Q,'Gráficos (2)'!Y$25,0)/VLOOKUP($A29,'Valores Cuota Diarios'!$B:$Q,'Gráficos (2)'!Y$25,0))-1)^(360/366))-1 -> 0.046974148 | Z28: =+((1+(VLOOKUP($A28,'Valores Cuota Diarios'!$B:$Q,'Gráficos (2)'!Z$25,0)/VLOOKUP($A29,'Valores Cuota Diarios'!$B:$Q,'Gráficos (2)'!Z$25,0))-1)^(360/366))-1 -> 0.046005787
A29: 45291 | B29: 2023 | C29: =+((1+(VLOOKUP($A29,'Valores Cuota Diarios'!$B:$Q,'Gráficos (2)'!C$25,0)/VLOOKUP($A30,'Valores Cuota Diarios'!$B:$Q,'Gráficos (2)'!C$25,0))-1)^(360/365))-1 -> 0.044744932 | D29: =+((1+(VLOOKUP($A29,'Valores Cuota Diarios'!$B:$Q,'Gráficos (2)'!D$25,0)/VLOOKUP($A30,'Valores Cuota Diarios'!$B:$Q,'Gráficos (2)'!D$25,0))-1)^(360/365))-1 -> 0.043512826 | E29: =+((1+(VLOOKUP($A29,'Valores Cuota Diarios'!$B:$Q,'Gráficos (2)'!E$25,0)/VLOOKUP($A30,'Valores Cuota Diarios'!$B:$Q,'Gráficos (2)'!E$25,0))-1)^(360/365))-1 -> 0.042282169 | F29: =+((1+(VLOOKUP($A29,'Valores Cuota Diarios'!$B:$Q,'Gráficos (2)'!F$25,0)/VLOOKUP($A30,'Valores Cuota Diarios'!$B:$Q,'Gráficos (2)'!F$25,0))-1)^(360/365))-1 -> 0.037303838 | I29: 2023 | J29: =+((1+(VLOOKUP($A29,'Valores Cuota Diarios'!$B:$Q,'Gráficos (2)'!J$25,0)/VLOOKUP($A30,'Valores Cuota Diarios'!$B:$Q,'Gráficos (2)'!J$25,0))-1)^(360/365))-1 -> 0.1724418 | K29: =+((1+(VLOOKUP($A29,'Valores Cuota Diarios'!$B:$Q,'Gráficos (2)'!K$25,0)/VLOOKUP($A30,'Valores Cuota Diarios'!$B:$Q,'Gráficos (2)'!K$25,0))-1)^(360/365))-1 -> 0.16967801 | L29: =+((1+(VLOOKUP($A29,'Valores Cuota Diarios'!$B:$Q,'Gráficos (2)'!L$25,0)/VLOOKUP($A30,'Valores Cuota Diarios'!$B:$Q,'Gráficos (2)'!L$25,0))-1)^(360/365))-1 -> 0.16416993 | M29: =+((1+(VLOOKUP($A29,'Valores Cuota Diarios'!$B:$Q,'Gráficos (2)'!M$25,0)/VLOOKUP($A30,'Valores Cuota Diarios'!$B:$Q,'Gráficos (2)'!M$25,0))-1)^(360/365))-1 -> 0.16169704 | P29: 2023 | Q29: =+((1+(VLOOKUP($A29,'Valores Cuota Diarios'!$B:$Q,'Gráficos (2)'!Q$25,0)/VLOOKUP($A30,'Valores Cuota Diarios'!$B:$Q,'Gráficos (2)'!Q$25,0))-1)^(360/365))-1 -> 0.23141812 | R29: =+((1+(VLOOKUP($A29,'Valores Cuota Diarios'!$B:$Q,'Gráficos (2)'!R$25,0)/VLOOKUP($A30,'Valores Cuota Diarios'!$B:$Q,'Gráficos (2)'!R$25,0))-1)^(360/365))-1 -> 0.22851529 | S29: =+((1+(VLOOKUP($A29,'Valores Cuota Diarios'!$B:$Q,'Gráficos (2)'!S$25,0)/VLOOKUP($A30,'Valores Cuota Diarios'!$B:$Q,'Gráficos (2)'!S$25,0))-1)^(360/365))-1 -> 0.22561929 | T29: =+((1+(VLOOKUP($A29,'Valores Cuota Diarios'!$B:$Q,'Gráficos (2)'!T$25,0)/VLOOKUP($A30,'Valores Cuota Diarios'!$B:$Q,'Gráficos (2)'!T$25,0))-1)^(360/365))-1 -> 0.22048056 | W29: 2023 | Y29: - | Z29: =+((1+(VLOOKUP($A29,'Valores Cuota Diarios'!$B:$Q,'Gráficos (2)'!Z$25,0)/VLOOKUP($A30,'Valores Cuota Diarios'!$B:$Q,'Gráficos (2)'!Z$25,0))-1)^(360/365)-1) -> 0.044759696
A30: 44926 | B30: 2022 | C30: =+((1+(VLOOKUP($A30,'Valores Cuota Diarios'!$B:$Q,'Gráficos (2)'!C$25,0)/VLOOKUP($A31,'Valores Cuota Diarios'!$B:$Q,'Gráficos (2)'!C$25,0))-1)^(360/365))-1 -> -0.1173516 | D30: =+((1+(VLOOKUP($A30,'Valores Cuota Diarios'!$B:$Q,'Gráficos (2)'!D$25,0)/VLOOKUP($A31,'Valores Cuota Diarios'!$B:$Q,'Gráficos (2)'!D$25,0))-1)^(360/365))-1 -> -0.11839253 | E30: =+((1+(VLOOKUP($A30,'Valores Cuota Diarios'!$B:$Q,'Gráficos (2)'!E$25,0)/VLOOKUP($A31,'Valores Cuota Diarios'!$B:$Q,'Gráficos (2)'!E$25,0))-1)^(360/365))-1 -> -0.11943102 | F30: =+((1+(VLOOKUP($A30,'Valores Cuota Diarios'!$B:$Q,'Gráficos (2)'!F$25,0)/VLOOKUP($A31,'Valores Cuota Diarios'!$B:$Q,'Gráficos (2)'!F$25,0))-1)^(360/365))-1 -> -0.12373214 | I30: 2022 | J30: =+((1+(VLOOKUP($A30,'Valores Cuota Diarios'!$B:$Q,'Gráficos (2)'!J$25,0)/VLOOKUP($A31,'Valores Cuota Diarios'!$B:$Q,'Gráficos (2)'!J$25,0))-1)^(360/365))-1 -> -0.20601945 | K30: =+((1+(VLOOKUP($A30,'Valores Cuota Diarios'!$B:$Q,'Gráficos (2)'!K$25,0)/VLOOKUP($A31,'Valores Cuota Diarios'!$B:$Q,'Gráficos (2)'!K$25,0))-1)^(360/365))-1 -> -0.20796177 | L30: =+((1+(VLOOKUP($A30,'Valores Cuota Diarios'!$B:$Q,'Gráficos (2)'!L$25,0)/VLOOKUP($A31,'Valores Cuota Diarios'!$B:$Q,'Gráficos (2)'!L$25,0))-1)^(360/365))-1 -> -0.21169394 | M30: =+((1+(VLOOKUP($A30,'Valores Cuota Diarios'!$B:$Q,'Gráficos (2)'!M$25,0)/VLOOKUP($A31,'Valores Cuota Diarios'!$B:$Q,'Gráficos (2)'!M$25,0))-1)^(360/365))-1 -> -0.21281455 | P30: 2022 | Q30: =+((1+(VLOOKUP($A30,'Valores Cuota Diarios'!$B:$Q,'Gráficos (2)'!Q$25,0)/VLOOKUP($A31,'Valores Cuota Diarios'!$B:$Q,'Gráficos (2)'!Q$25,0))-1)^(360/365))-1 -> -0.30261113 | R30: =+((1+(VLOOKUP($A30,'Valores Cuota Diarios'!$B:$Q,'Gráficos (2)'!R$25,0)/VLOOKUP($A31,'Valores Cuota Diarios'!$B:$Q,'Gráficos (2)'!R$25,0))-1)^(360/365))-1 -> -0.30425509 | S30: =+((1+(VLOOKUP($A30,'Valores Cuota Diarios'!$B:$Q,'Gráficos (2)'!S$25,0)/VLOOKUP($A31,'Valores Cuota Diarios'!$B:$Q,'Gráficos (2)'!S$25,0))-1)^(360/365))-1 -> -0.30589518 | T30: =+((1+(VLOOKUP($A30,'Valores Cuota Diarios'!$B:$Q,'Gráficos (2)'!T$25,0)/VLOOKUP($A31,'Valores Cuota Diarios'!$B:$Q,'Gráficos (2)'!T$25,0))-1)^(360/365))-1 -> -0.3087676 | V30: 44781 | W30: 2022 | Y30: =+(VLOOKUP($A30,'Valores Cuota Diarios'!$B:$Q,'Gráficos (2)'!Y$25,0)/VLOOKUP($V30,'Valores Cuota Diarios'!$B:$Q,'Gráficos (2)'!Y$25,0))-1 -> 0.0094361633 | Z30: =+(VLOOKUP($A30,'Valores Cuota Diarios'!$B:$Q,'Gráficos (2)'!Z$25,0)/VLOOKUP(44782,'Valores Cuota Diarios'!$B:$Q,'Gráficos (2)'!Z$25,0))-1 -> 0.0091586903
A31: 44561 | B31: 2021 | C31: =+((1+(VLOOKUP($A31,'Valores Cuota Diarios'!$B:$Q,'Gráficos (2)'!C$25,0)/VLOOKUP($A32,'Valores Cuota Diarios'!$B:$Q,'Gráficos (2)'!C$25,0))-1)^(360/365))-1 -> -0.019360155 | D31: =+((1+(VLOOKUP($A31,'Valores Cuota Diarios'!$B:$Q,'Gráficos (2)'!D$25,0)/VLOOKUP($A32,'Valores Cuota Diarios'!$B:$Q,'Gráficos (2)'!D$25,0))-1)^(360/365))-1 -> -0.02051666 | E31: =+((1+(VLOOKUP($A31,'Valores Cuota Diarios'!$B:$Q,'Gráficos (2)'!E$25,0)/VLOOKUP($A32,'Valores Cuota Diarios'!$B:$Q,'Gráficos (2)'!E$25,0))-1)^(360/365))-1 -> -0.021671805 | F31: =+((1+(VLOOKUP($A31,'Valores Cuota Diarios'!$B:$Q,'Gráficos (2)'!F$25,0)/VLOOKUP($A32,'Valores Cuota Diarios'!$B:$Q,'Gráficos (2)'!F$25,0))-1)^(360/365))-1 -> -0.02303195 | I31: 2021 | J31: =+((1+(VLOOKUP($A31,'Valores Cuota Diarios'!$B:$Q,'Gráficos (2)'!J$25,0)/VLOOKUP($A32,'Valores Cuota Diarios'!$B:$Q,'Gráficos (2)'!J$25,0))-1)^(360/365))-1 -> 0.1191591 | K31: =+((1+(VLOOKUP($A31,'Valores Cuota Diarios'!$B:$Q,'Gráficos (2)'!K$25,0)/VLOOKUP($A32,'Valores Cuota Diarios'!$B:$Q,'Gráficos (2)'!K$25,0))-1)^(360/365))-1 -> 0.11652092 | L31: =+((1+(VLOOKUP($A31,'Valores Cuota Diarios'!$B:$Q,'Gráficos (2)'!L$25,0)/VLOOKUP($A32,'Valores Cuota Diarios'!$B:$Q,'Gráficos (2)'!L$25,0))-1)^(360/365))-1 -> 0.11126315 | M31: =+((1+(VLOOKUP($A31,'Valores Cuota Diarios'!$B:$Q,'Gráficos (2)'!M$25,0)/VLOOKUP($A32,'Valores Cuota Diarios'!$B:$Q,'Gráficos (2)'!M$25,0))-1)^(360/365))-1 -> 0.11205644 | P31: 2021 | Q31: =-(1) -> -1 | R31: =+((1+(VLOOKUP($A31,'Valores Cuota Diarios'!$B:$Q,'Gráficos (2)'!R$25,0)/VLOOKUP($A32,'Valores Cuota Diarios'!$B:$Q,'Gráficos (2)'!R$25,0))-1)^(360/365))-1 -> -0.024786765 | S31: =+((1+(VLOOKUP($A31,'Valores Cuota Diarios'!$B:$Q,'Gráficos (2)'!S$25,0)/VLOOKUP($A32,'Valores Cuota Diarios'!$B:$Q,'Gráficos (2)'!S$25,0))-1)^(360/365))-1 -> -0.027085652 | T31: =+((1+(VLOOKUP($A31,'Valores Cuota Diarios'!$B:$Q,'Gráficos (2)'!T$25,0)/VLOOKUP($A32,'Valores Cuota Diarios'!$B:$Q,'Gráficos (2)'!T$25,0))-1)^(360/365))-1 -> -0.027130563 | W31: 2021 | Y31: - | Z31: -
A32: 44196 | B32: 2020 | C32: =+((1+(VLOOKUP($A32,'Valores Cuota Diarios'!$B:$Q,'Gráficos (2)'!C$25,0)/VLOOKUP($A33,'Valores Cuota Diarios'!$B:$Q,'Gráficos (2)'!C$25,0))-1)^(360/366))-1 -> 0.06169002 | D32: =+((1+(VLOOKUP($A32,'Valores Cuota Diarios'!$B:$Q,'Gráficos (2)'!D$25,0)/VLOOKUP($A33,'Valores Cuota Diarios'!$B:$Q,'Gráficos (2)'!D$25,0))-1)^(360/366))-1 -> 0.06043793 | E32: =+((1+(VLOOKUP($A32,'Valores Cuota Diarios'!$B:$Q,'Gráficos (2)'!E$25,0)/VLOOKUP($A33,'Valores Cuota Diarios'!$B:$Q,'Gráficos (2)'!E$25,0))-1)^(360/366))-1 -> 0.059187312 | F32: =+((VLOOKUP($A32,'Valores Cuota Diarios'!$B:$Q,'Gráficos (2)'!F$25,0)/VLOOKUP(43993,'Valores Cuota Diarios'!$B:$Q,'Gráficos (2)'!F$25,0))-1) -> 0.10364101 | I32: 2020 | J32: =+((1+(VLOOKUP($A32,'Valores Cuota Diarios'!$B:$Q,'Gráficos (2)'!J$25,0)/VLOOKUP($A33,'Valores Cuota Diarios'!$B:$Q,'Gráficos (2)'!J$25,0))-1)^(360/366))-1 -> 0.24434788 | K32: =+((1+(VLOOKUP($A32,'Valores Cuota Diarios'!$B:$Q,'Gráficos (2)'!K$25,0)/VLOOKUP($A33,'Valores Cuota Diarios'!$B:$Q,'Gráficos (2)'!K$25,0))-1)^(360/366))-1 -> 0.24141459 | L32: =+((1+(VLOOKUP($A32,'Valores Cuota Diarios'!$B:$Q,'Gráficos (2)'!L$25,0)/VLOOKUP($A33,'Valores Cuota Diarios'!$B:$Q,'Gráficos (2)'!L$25,0))-1)^(360/366))-1 -> 0.23556869 | M32: =+(VLOOKUP($A32,'Valores Cuota Diarios'!$B:$Q,'Gráficos (2)'!M$25,0)/VLOOKUP(43993,'Valores Cuota Diarios'!$B:$Q,'Gráficos (2)'!M$25,0))-1 -> 0.32909759 | P32: 2020 | Q32: =-(1) -> -1 | R32: =+(VLOOKUP($A32,'Valores Cuota Diarios'!$B:$Q,'Gráficos (2)'!R$25,0)/100)-1 -> 0.42864125 | S32: =+(VLOOKUP($A32,'Valores Cuota Diarios'!$B:$Q,'Gráficos (2)'!S$25,0)/100)-1 -> 0.42546038 | T32: =+(VLOOKUP($A32,'Valores Cuota Diarios'!$B:$Q,'Gráficos (2)'!T$25,0)/100)-1 -> 0.44111636 | W32: 2020 | Y32: - | Z32: -
A33: 43830 | B33: 2019 | C33: =+((1+(VLOOKUP($A33,'Valores Cuota Diarios'!$B:$Q,'Gráficos (2)'!C$25,0)/VLOOKUP(43465,'Valores Cuota Diarios'!$B:$Q,'Gráficos (2)'!C$25,0))-1)^(360/365))-1 -> 0.06560679 | D33: =+((1+(VLOOKUP($A33,'Valores Cuota Diarios'!$B:$Q,'Gráficos (2)'!D$25,0)/VLOOKUP(43465,'Valores Cuota Diarios'!$B:$Q,'Gráficos (2)'!D$25,0))-1)^(360/365))-1 -> 0.063452451 | E33: =+((1+(VLOOKUP($A33,'Valores Cuota Diarios'!$B:$Q,'Gráficos (2)'!E$25,0)/VLOOKUP(43465,'Valores Cuota Diarios'!$B:$Q,'Gráficos (2)'!E$25,0))-1)^(360/365))-1 -> 0.059663685 | F33: - | I33: 2019 | J33: =+((1+(VLOOKUP($A33,'Valores Cuota Diarios'!$B:$Q,'Gráficos (2)'!J$25,0)/VLOOKUP(43465,'Valores Cuota Diarios'!$B:$Q,'Gráficos (2)'!J$25,0))-1)^(360/365))-1 -> 0.16655192 | K33: =+((1+(VLOOKUP($A33,'Valores Cuota Diarios'!$B:$Q,'Gráficos (2)'!K$25,0)/VLOOKUP(43465,'Valores Cuota Diarios'!$B:$Q,'Gráficos (2)'!K$25,0))-1)^(360/365))-1 -> 0.16182504 | L33: =+((1+(VLOOKUP($A33,'Valores Cuota Diarios'!$B:$Q,'Gráficos (2)'!L$25,0)/VLOOKUP(43465,'Valores Cuota Diarios'!$B:$Q,'Gráficos (2)'!L$25,0))-1)^(360/365))-1 -> 0.15601043 | M33: - | P33: 2019 | Q33: - | R33: - | S33: - | T33: - | W33: 2019 | Y33: - | Z33: -
A34: 43465 | B34: Desde incepción | C34: =+(VLOOKUP($A27,'Valores Cuota Diarios'!$B:$Q,'Gráficos (2)'!C$25,0)/VLOOKUP(43248,'Valores Cuota Diarios'!$B:$Q,'Gráficos (2)'!C$25,0))-1 -> 0.14657005 | D34: =+(VLOOKUP($A27,'Valores Cuota Diarios'!$B:$Q,'Gráficos (2)'!D$25,0)/VLOOKUP(43248,'Valores Cuota Diarios'!$B:$Q,'Gráficos (2)'!D$25,0))-1 -> 0.13514961 | E34: =+(VLOOKUP($A27,'Valores Cuota Diarios'!$B:$Q,'Gráficos (2)'!E$25,0)/VLOOKUP(43248,'Valores Cuota Diarios'!$B:$Q,'Gráficos (2)'!E$25,0))-1 -> 0.12049708 | F34: =+(VLOOKUP($A27,'Valores Cuota Diarios'!$B:$Q,'Gráficos (2)'!F$25,0)/VLOOKUP(43993,'Valores Cuota Diarios'!$B:$Q,'Gráficos (2)'!F$25,0))-1 -> 0.082112359 | I34: Desde incepción | J34: =+(VLOOKUP($A27,'Valores Cuota Diarios'!$B:$Q,'Gráficos (2)'!J$25,0)/VLOOKUP(43248,'Valores Cuota Diarios'!$B:$Q,'Gráficos (2)'!J$25,0))-1 -> 0.77130593 | K34: =+(VLOOKUP($A27,'Valores Cuota Diarios'!$B:$Q,'Gráficos (2)'!K$25,0)/VLOOKUP(43248,'Valores Cuota Diarios'!$B:$Q,'Gráficos (2)'!K$25,0))-1 -> 0.73378685 | L34: =+(VLOOKUP($A27,'Valores Cuota Diarios'!$B:$Q,'Gráficos (2)'!L$25,0)/VLOOKUP(43248,'Valores Cuota Diarios'!$B:$Q,'Gráficos (2)'!L$25,0))-1 -> 0.67567336 | M34: =+(VLOOKUP($A27,'Valores Cuota Diarios'!$B:$Q,'Gráficos (2)'!M$25,0)/VLOOKUP(43993,'Valores Cuota Diarios'!$B:$Q,'Gráficos (2)'!M$25,0))-1 -> 0.73846805 | P34: Desde incepción | Q34: - | R34: =+(VLOOKUP($A27,'Valores Cuota Diarios'!$B:$Q,'Gráficos (2)'!R$25,0)/VLOOKUP(43858,'Valores Cuota Diarios'!$B:$Q,'Gráficos (2)'!R$25,0))-1 -> -1 | S34: =+(VLOOKUP($A27,'Valores Cuota Diarios'!$B:$Q,'Gráficos (2)'!S$25,0)/VLOOKUP(43856,'Valores Cuota Diarios'!$B:$Q,'Gráficos (2)'!S$25,0))-1 -> -1 | T34: =+(VLOOKUP($A27,'Valores Cuota Diarios'!$B:$Q,'Gráficos (2)'!T$25,0)/VLOOKUP(43856,'Valores Cuota Diarios'!$B:$Q,'Gráficos (2)'!T$25,0))-1 -> -1 | W34: Desde incepción | Y34: - | Z34: =+(VLOOKUP($A27,'Valores Cuota Diarios'!$B:$Q,'Gráficos (2)'!Z$25,0)/VLOOKUP(44781,'Valores Cuota Diarios'!$B:$Q,'Gráficos (2)'!Z$25,0))-1 -> 0.14658879
A35: 43236
A36: 43249 | B36: ="Elaboración propia con información de valor cuota al cierre de "&TEXT(EOMONTH(TODAY(),-1),"mmmm")&" "&TEXT(EOMONTH(TODAY(),-1),"yyyy") -> Elaboración propia con información de valor cuota al cierre de Diciembre 2025
B37: Infórmese de las características esenciales de la inversión en los Fondos Mutuos administrados por Faro Capital SAF, las que se encuentran contenidas en el prospecto simplificado y reglamento de participación. La rentabilidad o ganancia obtenida en el pasado, no garantiza que se repita en el futuro. Estas rentabilidades no incluyen el efecto de las comisiones de suscripción y rescate, ni el impuesto a la renta. La rentabilidad que corresponde al primer año de etapa operativa de cada fondo está calculado en base a una rentabildiad acumulada. Asimismo, la rentabilidad del año en curso es acumulada. (1) En los años 2020, 2021, 2024 y durante el 2025 hubo periodos de tiempo sin cuotas en la serie A del fondo Faro Capital Global Innovation FMIV. (2) En el año 2023 y 2025 hubo periodos de tiempo sin cuotas en la serie A del fondo Faro Capiral Corto Plazo Dólares FMIV

Sheet Gráficos
B22: RENTABILIDADES (%) | I22: RENTABILIDADES (%) | P22: RENTABILIDADES (%) | W22: RENTABILIDADES (%) | AC22: RENTABILIDADES (%) | AJ22: RENTABILIDADES (%)
B23: FARO CAPITAL DEUDA GLOBAL FMIV | F23: FONDO DE FONDOS FARO CAPITAL DEUDA GLOBAL FMIV | I23: FARO CAPITAL RENTA VARIABLE GLOBAL FMIV | M23: FONDO DE FONDOS FARO CAPITAL RENTA VARIABLE GLOBAL FMIV | P23: FARO CAPITAL GLOBAL INNOVATION FMIV | T23: FONDO DE FONDOS FARO CAPITAL GLOBAL INNOVATION FMIV | W23: FARO CAPITAL FLEXIBLE FMIV | AC23: FARO CAPITAL GLOBAL INNOVATION FMIV | AG23: FONDO DE FONDOS FARO CAPITAL GLOBAL INNOVATION FMIV | AJ23: FARO CAPITAL CORTO PLAZO DOLARES FMIV
C25: 2 | D25: 3 | E25: 4 | F25: 15 | J25: 5 | K25: 6 | L25: 7 | M25: 16 | Q25: 8 | R25: 9 | S25: 10 | T25: 14 | Y25: 18 | Z25: 19 | AD25: 8 | AE25: 9 | AF25: 10 | AG25: 14 | AK25: 11 | AL25: 11 | AM25: 12
C26: Serie A | D26: Serie B | E26: Serie C | F26: Serie Retail | J26: Serie A | K26: Serie B | L26: Serie C | M26: Serie Retail | Q26: Serie A | R26: Serie B | S26: Serie C | T26: Serie Retail | Y26: Serie B | Z26: Serie C | AD26: Serie A | AE26: Serie B | AF26: Serie C | AG26: Serie Retail | AL26: Serie A | AM26: Serie B
A27: =+EOMONTH(MAX('Valores Cuota Diarios'!B:B),-1) -> 46022 | B27: =+TEXT($A$27,"yyyy") -> 2025 | C27: =+((1+(VLOOKUP($A27,'Valores Cuota Diarios'!$B:$Q,Gráficos!C$25,0)/VLOOKUP($A28,'Valores Cuota Diarios'!$B:$Q,Gráficos!C$25,0))-1)^(360/365))-1 -> 0.088795105 | D27: =+((1+(VLOOKUP($A27,'Valores Cuota Diarios'!$B:$Q,Gráficos!D$25,0)/VLOOKUP($A28,'Valores Cuota Diarios'!$B:$Q,Gráficos!D$25,0))-1)^(360/365))-1 -> 0.088152886 | E27: =+((1+(VLOOKUP($A27,'Valores Cuota Diarios'!$B:$Q,Gráficos!E$25,0)/VLOOKUP($A28,'Valores Cuota Diarios'!$B:$Q,Gráficos!E$25,0))-1)^(360/365))-1 -> 0.087511045 | F27: =+((1+(VLOOKUP($A27,'Valores Cuota Diarios'!$B:$Q,Gráficos!F$25,0)/VLOOKUP($A28,'Valores Cuota Diarios'!$B:$Q,Gráficos!F$25,0))-1)^(360/365))-1 -> 0.084687381 | I27: =+TEXT($A$27,"yyyy") -> 2025 | J27: =((1+(VLOOKUP($A27,'Valores Cuota Diarios'!$B:$Q,Gráficos!J$25,0)/VLOOKUP($A28,'Valores Cuota Diarios'!$B:$Q,Gráficos!J$25,0))-1)^(360/365))-1 -> 0.15609 | K27: =((1+(VLOOKUP($A27,'Valores Cuota Diarios'!$B:$Q,Gráficos!K$25,0)/VLOOKUP($A28,'Valores Cuota Diarios'!$B:$Q,Gráficos!K$25,0))-1)^(360/365))-1 -> 0.15336475 | L27: =((1+(VLOOKUP($A27,'Valores Cuota Diarios'!$B:$Q,Gráficos!L$25,0)/VLOOKUP($A28,'Valores Cuota Diarios'!$B:$Q,Gráficos!L$25,0))-1)^(360/365))-1 -> 0.1506459 | M27: =+((1+(VLOOKUP($A27,'Valores Cuota Diarios'!$B:$Q,Gráficos!M$25,0)/VLOOKUP($A28,'Valores Cuota Diarios'!$B:$Q,Gráficos!M$25,0))-1)^(360/365))-1 -> 0.14690394 | P27: =+$A$27 -> 46022 | Q27: =-(1) -> -1 | R27: =+(VLOOKUP($A27,'Valores Cuota Diarios'!$B:$Q,Gráficos!R$25,0)/VLOOKUP($A28,'Valores Cuota Diarios'!$B:$Q,Gráficos!R$25,0))-1 -> -1 | S27: =+(VLOOKUP($A27,'Valores Cuota Diarios'!$B:$Q,Gráficos!S$25,0)/VLOOKUP($A28,'Valores Cuota Diarios'!$B:$Q,Gráficos!S$25,0))-1 -> -1 | T27: =+(VLOOKUP($A27,'Valores Cuota Diarios'!$B:$Q,Gráficos!T$25,0)/VLOOKUP($A28,'Valores Cuota Diarios'!$B:$Q,Gráficos!T$25,0))-1 -> -1 | W27: 2025 | Y27: =+Y34 -> 0.0075967525 | Z27: =+Z34 -> 0.11347678 | AC27: =+$A$27 -> 46022 | AD27: =-(1) -> -1 | AE27: =+(VLOOKUP($A27,'Valores Cuota Diarios'!$B:$Q,Gráficos!AE$25,0)/VLOOKUP($A28,'Valores Cuota Diarios'!$B:$Q,Gráficos!AE$25,0))-1 -> -1 | AF27: =+(VLOOKUP($A27,'Valores Cuota Diarios'!$B:$Q,Gráficos!AF$25,0)/VLOOKUP($A28,'Valores Cuota Diarios'!$B:$Q,Gráficos!AF$25,0))-1 -> -1 | AG27: =+(VLOOKUP($A27,'Valores Cuota Diarios'!$B:$Q,Gráficos!AG$25,0)/VLOOKUP($A28,'Valores Cuota Diarios'!$B:$Q,Gráficos!AG$25,0))-1 -> -1 | AJ27: 2025 | AL27: - | AM27: =+((1+(VLOOKUP($A27,'Valores Cuota Diarios'!$B:$Q,Gráficos!AM$25,0)/VLOOKUP($A28,'Valores Cuota Diarios'!$B:$Q,Gráficos!AM$25,0))-1)^(360/365))-1 -> 0.037692509
A28: 45657 | B28: 2024 | C28: =+((1+(VLOOKUP($A28,'Valores Cuota Diarios'!$B:$Q,Gráficos!C$25,0)/VLOOKUP($A29,'Valores Cuota Diarios'!$B:$Q,Gráficos!C$25,0))-1)^(360/366))-1 -> 0.023200086 | D28: =+((1+(VLOOKUP($A28,'Valores Cuota Diarios'!$B:$Q,Gráficos!D$25,0)/VLOOKUP($A29,'Valores Cuota Diarios'!$B:$Q,Gráficos!D$25,0))-1)^(360/366))-1 -> 0.022037872 | E28: =+((1+(VLOOKUP($A28,'Valores Cuota Diarios'!$B:$Q,Gráficos!E$25,0)/VLOOKUP($A29,'Valores Cuota Diarios'!$B:$Q,Gráficos!E$25,0))-1)^(360/366))-1 -> 0.020876975 | F28: =+((1+(VLOOKUP($A28,'Valores Cuota Diarios'!$B:$Q,Gráficos!F$25,0)/VLOOKUP($A29,'Valores Cuota Diarios'!$B:$Q,Gráficos!F$25,0))-1)^(360/366))-1 -> 0.018151735 | I28: 2024 | J28: =+((1+(VLOOKUP($A28,'Valores Cuota Diarios'!$B:$Q,Gráficos!J$25,0)/VLOOKUP($A29,'Valores Cuota Diarios'!$B:$Q,Gráficos!J$25,0))-1)^(360/366))-1 -> 0.12760569 | K28: =+((1+(VLOOKUP($A28,'Valores Cuota Diarios'!$B:$Q,Gráficos!K$25,0)/VLOOKUP($A29,'Valores Cuota Diarios'!$B:$Q,Gráficos!K$25,0))-1)^(360/366))-1 -> 0.1249476 | L28: =+((1+(VLOOKUP($A28,'Valores Cuota Diarios'!$B:$Q,Gráficos!L$25,0)/VLOOKUP($A29,'Valores Cuota Diarios'!$B:$Q,Gráficos!L$25,0))-1)^(360/366))-1 -> 0.11984511 | M28: =+((1+(VLOOKUP($A28,'Valores Cuota Diarios'!$B:$Q,Gráficos!M$25,0)/VLOOKUP($A29,'Valores Cuota Diarios'!$B:$Q,Gráficos!M$25,0))-1)^(360/366))-1 -> 0.11700977 | P28: 2024 | Q28: =-(1) -> -1 | R28: =+((1+(VLOOKUP($A28,'Valores Cuota Diarios'!$B:$Q,Gráficos!R$25,0)/VLOOKUP($A29,'Valores Cuota Diarios'!$B:$Q,Gráficos!R$25,0))-1)^(360/366))-1 -> 0.090677291 | S28: =+((1+(VLOOKUP($A28,'Valores Cuota Diarios'!$B:$Q,Gráficos!S$25,0)/VLOOKUP($A29,'Valores Cuota Diarios'!$B:$Q,Gráficos!S$25,0))-1)^(360/366))-1 -> 0.088106218 | T28: =+((1+(VLOOKUP($A28,'Valores Cuota Diarios'!$B:$Q,Gráficos!T$25,0)/VLOOKUP($A29,'Valores Cuota Diarios'!$B:$Q,Gráficos!T$25,0))-1)^(360/366))-1 -> 0.084146515 | W28: 2024 | Y28: - | Z28: - | AC28: 2024 | AD28: =-(1) -> -1 | AE28: =+((1+(VLOOKUP($A28,'Valores Cuota Diarios'!$B:$Q,Gráficos!AE$25,0)/VLOOKUP($A29,'Valores Cuota Diarios'!$B:$Q,Gráficos!AE$25,0))-1)^(360/366))-1 -> 0.090677291 | AF28: =+((1+(VLOOKUP($A28,'Valores Cuota Diarios'!$B:$Q,Gráficos!AF$25,0)/VLOOKUP($A29,'Valores Cuota Diarios'!$B:$Q,Gráficos!AF$25,0))-1)^(360/366))-1 -> 0.088106218 | AG28: =+((1+(VLOOKUP($A28,'Valores Cuota Diarios'!$B:$Q,Gráficos!AG$25,0)/VLOOKUP($A29,'Valores Cuota Diarios'!$B:$Q,Gráficos!AG$25,0))-1)^(360/366))-1 -> 0.084146515 | AJ28: 2024 | AL28: =+((1+(VLOOKUP($A28,'Valores Cuota Diarios'!$B:$Q,Gráficos!AL$25,0)/VLOOKUP($A29,'Valores Cuota Diarios'!$B:$Q,Gráficos!AL$25,0))-1)^(360/366))-1 -> 0.046974148 | AM28: =+((1+(VLOOKUP($A28,'Valores Cuota Diarios'!$B:$Q,Gráficos!AM$25,0)/VLOOKUP($A29,'Valores Cuota Diarios'!$B:$Q,Gráficos!AM$25,0))-1)^(360/366))-1 -> 0.046005787
A29: 45291 | B29: 2023 | C29: =+((1+(VLOOKUP($A29,'Valores Cuota Diarios'!$B:$Q,Gráficos!C$25,0)/VLOOKUP($A30,'Valores Cuota Diarios'!$B:$Q,Gráficos!C$25,0))-1)^(360/365))-1 -> 0.044744932 | D29: =+((1+(VLOOKUP($A29,'Valores Cuota Diarios'!$B:$Q,Gráficos!D$25,0)/VLOOKUP($A30,'Valores Cuota Diarios'!$B:$Q,Gráficos!D$25,0))-1)^(360/365))-1 -> 0.043512826 | E29: =+((1+(VLOOKUP($A29,'Valores Cuota Diarios'!$B:$Q,Gráficos!E$25,0)/VLOOKUP($A30,'Valores Cuota Diarios'!$B:$Q,Gráficos!E$25,0))-1)^(360/365))-1 -> 0.042282169 | F29: =+((1+(VLOOKUP($A29,'Valores Cuota Diarios'!$B:$Q,Gráficos!F$25,0)/VLOOKUP($A30,'Valores Cuota Diarios'!$B:$Q,Gráficos!F$25,0))-1)^(360/365))-1 -> 0.037303838 | I29: 2023 | J29: =+((1+(VLOOKUP($A29,'Valores Cuota Diarios'!$B:$Q,Gráficos!J$25,0)/VLOOKUP($A30,'Valores Cuota Diarios'!$B:$Q,Gráficos!J$25,0))-1)^(360/365))-1 -> 0.1724418 | K29: =+((1+(VLOOKUP($A29,'Valores Cuota Diarios'!$B:$Q,Gráficos!K$25,0)/VLOOKUP($A30,'Valores Cuota Diarios'!$B:$Q,Gráficos!K$25,0))-1)^(360/365))-1 -> 0.16967801 | L29: =+((1+(VLOOKUP($A29,'Valores Cuota Diarios'!$B:$Q,Gráficos!L$25,0)/VLOOKUP($A30,'Valores Cuota Diarios'!$B:$Q,Gráficos!L$25,0))-1)^(360/365))-1 -> 0.16416993 | M29: =+((1+(VLOOKUP($A29,'Valores Cuota Diarios'!$B:$Q,Gráficos!M$25,0)/VLOOKUP($A30,'Valores Cuota Diarios'!$B:$Q,Gráficos!M$25,0))-1)^(360/365))-1 -> 0.16169704 | P29: 2023 | Q29: =+((1+(VLOOKUP($A29,'Valores Cuota Diarios'!$B:$Q,Gráficos!Q$25,0)/VLOOKUP($A30,'Valores Cuota Diarios'!$B:$Q,Gráficos!Q$25,0))-1)^(360/365))-1 -> 0.23141812 | R29: =+((1+(VLOOKUP($A29,'Valores Cuota Diarios'!$B:$Q,Gráficos!R$25,0)/VLOOKUP($A30,'Valores Cuota Diarios'!$B:$Q,Gráficos!R$25,0))-1)^(360/365))-1 -> 0.22851529 | S29: =+((1+(VLOOKUP($A29,'Valores Cuota Diarios'!$B:$Q,Gráficos!S$25,0)/VLOOKUP($A30,'Valores Cuota Diarios'!$B:$Q,Gráficos!S$25,0))-1)^(360/365))-1 -> 0.22561929 | T29: =+((1+(VLOOKUP($A29,'Valores Cuota Diarios'!$B:$Q,Gráficos!T$25,0)/VLOOKUP($A30,'Valores Cuota Diarios'!$B:$Q,Gráficos!T$25,0))-1)^(360/365))-1 -> 0.22048056 | W29: 2023 | Y29: - | Z29: - | AC29: 2023 | AD29: =+((1+(VLOOKUP($A29,'Valores Cuota Diarios'!$B:$Q,Gráficos!AD$25,0)/VLOOKUP($A30,'Valores Cuota Diarios'!$B:$Q,Gráficos!AD$25,0))-1)^(360/365))-1 -> 0.23141812 | AE29: =+((1+(VLOOKUP($A29,'Valores Cuota Diarios'!$B:$Q,Gráficos!AE$25,0)/VLOOKUP($A30,'Valores Cuota Diarios'!$B:$Q,Gráficos!AE$25,0))-1)^(360/365))-1 -> 0.22851529 | AF29: =+((1+(VLOOKUP($A29,'Valores Cuota Diarios'!$B:$Q,Gráficos!AF$25,0)/VLOOKUP($A30,'Valores Cuota Diarios'!$B:$Q,Gráficos!AF$25,0))-1)^(360/365))-1 -> 0.22561929 | AG29: =+((1+(VLOOKUP($A29,'Valores Cuota Diarios'!$B:$Q,Gráficos!AG$25,0)/VLOOKUP($A30,'Valores Cuota Diarios'!$B:$Q,Gráficos!AG$25,0))-1)^(360/365))-1 -> 0.22048056 | AJ29: 2023 | AL29: - | AM29: =+((1+(VLOOKUP($A29,'Valores Cuota Diarios'!$B:$Q,Gráficos!AM$25,0)/VLOOKUP($A30,'Valores Cuota Diarios'!$B:$Q,Gráficos!AM$25,0))-1)^(360/365)-1) -> 0.044759696
A30: 44926 | B30: 2022 | C30: =+((1+(VLOOKUP($A30,'Valores Cuota Diarios'!$B:$Q,Gráficos!C$25,0)/VLOOKUP($A31,'Valores Cuota Diarios'!$B:$Q,Gráficos!C$25,0))-1)^(360/365))-1 -> -0.1173516 | D30: =+((1+(VLOOKUP($A30,'Valores Cuota Diarios'!$B:$Q,Gráficos!D$25,0)/VLOOKUP($A31,'Valores Cuota Diarios'!$B:$Q,Gráficos!D$25,0))-1)^(360/365))-1 -> -0.11839253 | E30: =+((1+(VLOOKUP($A30,'Valores Cuota Diarios'!$B:$Q,Gráficos!E$25,0)/VLOOKUP($A31,'Valores Cuota Diarios'!$B:$Q,Gráficos!E$25,0))-1)^(360/365))-1 -> -0.11943102 | F30: =+((1+(VLOOKUP($A30,'Valores Cuota Diarios'!$B:$Q,Gráficos!F$25,0)/VLOOKUP($A31,'Valores Cuota Diarios'!$B:$Q,Gráficos!F$25,0))-1)^(360/365))-1 -> -0.12373214 | I30: 2022 | J30: =+((1+(VLOOKUP($A30,'Valores Cuota Diarios'!$B:$Q,Gráficos!J$25,0)/VLOOKUP($A31,'Valores Cuota Diarios'!$B:$Q,Gráficos!J$25,0))-1)^(360/365))-1 -> -0.20601945 | K30: =+((1+(VLOOKUP($A30,'Valores Cuota Diarios'!$B:$Q,Gráficos!K$25,0)/VLOOKUP($A31,'Valores Cuota Diarios'!$B:$Q,Gráficos!K$25,0))-1)^(360/365))-1 -> -0.20796177 | L30: =+((1+(VLOOKUP($A30,'Valores Cuota Diarios'!$B:$Q,Gráficos!L$25,0)/VLOOKUP($A31,'Valores Cuota Diarios'!$B:$Q,Gráficos!L$25,0))-1)^(360/365))-1 -> -0.21169394 | M30: =+((1+(VLOOKUP($A30,'Valores Cuota Diarios'!$B:$Q,Gráficos!M$25,0)/VLOOKUP($A31,'Valores Cuota Diarios'!$B:$Q,Gráficos!M$25,0))-1)^(360/365))-1 -> -0.21281455 | P30: 2022 | Q30: =+((1+(VLOOKUP($A30,'Valores Cuota Diarios'!$B:$Q,Gráficos!Q$25,0)/VLOOKUP($A31,'Valores Cuota Diarios'!$B:$Q,Gráficos!Q$25,0))-1)^(360/365))-1 -> -0.30261113 | R30: =+((1+(VLOOKUP($A30,'Valores Cuota Diarios'!$B:$Q,Gráficos!R$25,0)/VLOOKUP($A31,'Valores Cuota Diarios'!$B:$Q,Gráficos!R$25,0))-1)^(360/365))-1 -> -0.30425509 | S30: =+((1+(VLOOKUP($A30,'Valores Cuota Diarios'!$B:$Q,Gráficos!S$25,0)/VLOOKUP($A31,'Valores Cuota Diarios'!$B:$Q,Gráficos!S$25,0))-1)^(360/365))-1 -> -0.30589518 | T30: =+((1+(VLOOKUP($A30,'Valores Cuota Diarios'!$B:$Q,Gráficos!T$25,0)/VLOOKUP($A31,'Valores Cuota Diarios'!$B:$Q,Gráficos!T$25,0))-1)^(360/365))-1 -> -0.3087676 | V30: 44781 | W30: 2022 | Y30: - | Z30: - | AC30: 2022 | AD30: =+((1+(VLOOKUP($A30,'Valores Cuota Diarios'!$B:$Q,Gráficos!AD$25,0)/VLOOKUP($A31,'Valores Cuota Diarios'!$B:$Q,Gráficos!AD$25,0))-1)^(360/365))-1 -> -0.30261113 | AE30: =+((1+(VLOOKUP($A30,'Valores Cuota Diarios'!$B:$Q,Gráficos!AE$25,0)/VLOOKUP($A31,'Valores Cuota Diarios'!$B:$Q,Gráficos!AE$25,0))-1)^(360/365))-1 -> -0.30425509 | AF30: =+((1+(VLOOKUP($A30,'Valores Cuota Diarios'!$B:$Q,Gráficos!AF$25,0)/VLOOKUP($A31,'Valores Cuota Diarios'!$B:$Q,Gráficos!AF$25,0))-1)^(360/365))-1 -> -0.30589518 | AG30: =+((1+(VLOOKUP($A30,'Valores Cuota Diarios'!$B:$Q,Gráficos!AG$25,0)/VLOOKUP($A31,'Valores Cuota Diarios'!$B:$Q,Gráficos!AG$25,0))-1)^(360/365))-1 -> -0.3087676 | AI30: 44781 | AJ30: 2022 | AL30: =+(VLOOKUP($A30,'Valores Cuota Diarios'!$B:$Q,Gráficos!AL$25,0)/VLOOKUP($V30,'Valores Cuota Diarios'!$B:$Q,Gráficos!AL$25,0))-1 -> 0.0094361633 | AM30: =+(VLOOKUP($A30,'Valores Cuota Diarios'!$B:$Q,Gráficos!AM$25,0)/VLOOKUP(44782,'Valores Cuota Diarios'!$B:$Q,Gráficos!AM$25,0))-1 -> 0.0091586903
A31: 44561 | B31: 2021 | C31: =+((1+(VLOOKUP($A31,'Valores Cuota Diarios'!$B:$Q,Gráficos!C$25,0)/VLOOKUP($A32,'Valores Cuota Diarios'!$B:$Q,Gráficos!C$25,0))-1)^(360/365))-1 -> -0.019360155 | D31: =+((1+(VLOOKUP($A31,'Valores Cuota Diarios'!$B:$Q,Gráficos!D$25,0)/VLOOKUP($A32,'Valores Cuota Diarios'!$B:$Q,Gráficos!D$25,0))-1)^(360/365))-1 -> -0.02051666 | E31: =+((1+(VLOOKUP($A31,'Valores Cuota Diarios'!$B:$Q,Gráficos!E$25,0)/VLOOKUP($A32,'Valores Cuota Diarios'!$B:$Q,Gráficos!E$25,0))-1)^(360/365))-1 -> -0.021671805 | F31: =+((1+(VLOOKUP($A31,'Valores Cuota Diarios'!$B:$Q,Gráficos!F$25,0)/VLOOKUP($A32,'Valores Cuota Diarios'!$B:$Q,Gráficos!F$25,0))-1)^(360/365))-1 -> -0.02303195 | I31: 2021 | J31: =+((1+(VLOOKUP($A31,'Valores Cuota Diarios'!$B:$Q,Gráficos!J$25,0)/VLOOKUP($A32,'Valores Cuota Diarios'!$B:$Q,Gráficos!J$25,0))-1)^(360/365))-1 -> 0.1191591 | K31: =+((1+(VLOOKUP($A31,'Valores Cuota Diarios'!$B:$Q,Gráficos!K$25,0)/VLOOKUP($A32,'Valores Cuota Diarios'!$B:$Q,Gráficos!K$25,0))-1)^(360/365))-1 -> 0.11652092 | L31: =+((1+(VLOOKUP($A31,'Valores Cuota Diarios'!$B:$Q,Gráficos!L$25,0)/VLOOKUP($A32,'Valores Cuota Diarios'!$B:$Q,Gráficos!L$25,0))-1)^(360/365))-1 -> 0.11126315 | M31: =+((1+(VLOOKUP($A31,'Valores Cuota Diarios'!$B:$Q,Gráficos!M$25,0)/VLOOKUP($A32,'Valores Cuota Diarios'!$B:$Q,Gráficos!M$25,0))-1)^(360/365))-1 -> 0.11205644 | P31: 2021 | Q31: =-(1) -> -1 | R31: =+((1+(VLOOKUP($A31,'Valores Cuota Diarios'!$B:$Q,Gráficos!R$25,0)/VLOOKUP($A32,'Valores Cuota Diarios'!$B:$Q,Gráficos!R$25,0))-1)^(360/365))-1 -> -0.024786765 | S31: =+((1+(VLOOKUP($A31,'Valores Cuota Diarios'!$B:$Q,Gráficos!S$25,0)/VLOOKUP($A32,'Valores Cuota Diarios'!$B:$Q,Gráficos!S$25,0))-1)^(360/365))-1 -> -0.027085652 | T31: =+((1+(VLOOKUP($A31,'Valores Cuota Diarios'!$B:$Q,Gráficos!T$25,0)/VLOOKUP($A32,'Valores Cuota Diarios'!$B:$Q,Gráficos!T$25,0))-1)^(360/365))-1 -> -0.027130563 | W31: 2021 | Y31: - | Z31: - | AC31: 2021 | AD31: =-(1) -> -1 | AE31: =+((1+(VLOOKUP($A31,'Valores Cuota Diarios'!$B:$Q,Gráficos!AE$25,0)/VLOOKUP($A32,'Valores Cuota Diarios'!$B:$Q,Gráficos!AE$25,0))-1)^(360/365))-1 -> -0.024786765 | AF31: =+((1+(VLOOKUP($A31,'Valores Cuota Diarios'!$B:$Q,Gráficos!AF$25,0)/VLOOKUP($A32,'Valores Cuota Diarios'!$B:$Q,Gráficos!AF$25,0))-1)^(360/365))-1 -> -0.027085652 | AG31: =+((1+(VLOOKUP($A31,'Valores Cuota Diarios'!$B:$Q,Gráficos!AG$25,0)/VLOOKUP($A32,'Valores Cuota Diarios'!$B:$Q,Gráficos!AG$25,0))-1)^(360/365))-1 -> -0.027130563 | AJ31: 2021 | AL31: - | AM31: -
A32: 44196 | B32: 2020 | C32: =+((1+(VLOOKUP($A32,'Valores Cuota Diarios'!$B:$Q,Gráficos!C$25,0)/VLOOKUP($A33,'Valores Cuota Diarios'!$B:$Q,Gráficos!C$25,0))-1)^(360/366))-1 -> 0.06169002 | D32: =+((1+(VLOOKUP($A32,'Valores Cuota Diarios'!$B:$Q,Gráficos!D$25,0)/VLOOKUP($A33,'Valores Cuota Diarios'!$B:$Q,Gráficos!D$25,0))-1)^(360/366))-1 -> 0.06043793 | E32: =+((1+(VLOOKUP($A32,'Valores Cuota Diarios'!$B:$Q,Gráficos!E$25,0)/VLOOKUP($A33,'Valores Cuota Diarios'!$B:$Q,Gráficos!E$25,0))-1)^(360/366))-1 -> 0.059187312 | F32: =+((VLOOKUP($A32,'Valores Cuota Diarios'!$B:$Q,Gráficos!F$25,0)/VLOOKUP(43993,'Valores Cuota Diarios'!$B:$Q,Gráficos!F$25,0))-1) -> 0.10364101 | I32: 2020 | J32: =+((1+(VLOOKUP($A32,'Valores Cuota Diarios'!$B:$Q,Gráficos!J$25,0)/VLOOKUP($A33,'Valores Cuota Diarios'!$B:$Q,Gráficos!J$25,0))-1)^(360/366))-1 -> 0.24434788 | K32: =+((1+(VLOOKUP($A32,'Valores Cuota Diarios'!$B:$Q,Gráficos!K$25,0)/VLOOKUP($A33,'Valores Cuota Diarios'!$B:$Q,Gráficos!K$25,0))-1)^(360/366))-1 -> 0.24141459 | L32: =+((1+(VLOOKUP($A32,'Valores Cuota Diarios'!$B:$Q,Gráficos!L$25,0)/VLOOKUP($A33,'Valores Cuota Diarios'!$B:$Q,Gráficos!L$25,0))-1)^(360/366))-1 -> 0.23556869 | M32: =+(VLOOKUP($A32,'Valores Cuota Diarios'!$B:$Q,Gráficos!M$25,0)/VLOOKUP(43993,'Valores Cuota Diarios'!$B:$Q,Gráficos!M$25,0))-1 -> 0.32909759 | P32: 2020 | Q32: =-(1) -> -1 | R32: =+(VLOOKUP($A32,'Valores Cuota Diarios'!$B:$Q,Gráficos!R$25,0)/100)-1 -> 0.42864125 | S32: =+(VLOOKUP($A32,'Valores Cuota Diarios'!$B:$Q,Gráficos!S$25,0)/100)-1 -> 0.42546038 | T32: =+(VLOOKUP($A32,'Valores Cuota Diarios'!$B:$Q,Gráficos!T$25,0)/100)-1 -> 0.44111636 | W32: 2020 | Y32: - | Z32: - | AC32: 2020 | AD32: =-(1) -> -1 | AE32: =+(VLOOKUP($A32,'Valores Cuota Diarios'!$B:$Q,Gráficos!AE$25,0)/100)-1 -> 0.42864125 | AF32: =+(VLOOKUP($A32,'Valores Cuota Diarios'!$B:$Q,Gráficos!AF$25,0)/100)-1 -> 0.42546038 | AG32: =+(VLOOKUP($A32,'Valores Cuota Diarios'!$B:$Q,Gráficos!AG$25,0)/100)-1 -> 0.44111636 | AJ32: 2020 | AL32: - | AM32: -
A33: 43830 | B33: 2019 | C33: =+((1+(VLOOKUP($A33,'Valores Cuota Diarios'!$B:$Q,Gráficos!C$25,0)/VLOOKUP(43465,'Valores Cuota Diarios'!$B:$Q,Gráficos!C$25,0))-1)^(360/365))-1 -> 0.06560679 | D33: =+((1+(VLOOKUP($A33,'Valores Cuota Diarios'!$B:$Q,Gráficos!D$25,0)/VLOOKUP(43465,'Valores Cuota Diarios'!$B:$Q,Gráficos!D$25,0))-1)^(360/365))-1 -> 0.063452451 | E33: =+((1+(VLOOKUP($A33,'Valores Cuota Diarios'!$B:$Q,Gráficos!E$25,0)/VLOOKUP(43465,'Valores Cuota Diarios'!$B:$Q,Gráficos!E$25,0))-1)^(360/365))-1 -> 0.059663685 | F33: - | I33: 2019 | J33: =+((1+(VLOOKUP($A33,'Valores Cuota Diarios'!$B:$Q,Gráficos!J$25,0)/VLOOKUP(43465,'Valores Cuota Diarios'!$B:$Q,Gráficos!J$25,0))-1)^(360/365))-1 -> 0.16655192 | K33: =+((1+(VLOOKUP($A33,'Valores Cuota Diarios'!$B:$Q,Gráficos!K$25,0)/VLOOKUP(43465,'Valores Cuota Diarios'!$B:$Q,Gráficos!K$25,0))-1)^(360/365))-1 -> 0.16182504 | L33: =+((1+(VLOOKUP($A33,'Valores Cuota Diarios'!$B:$Q,Gráficos!L$25,0)/VLOOKUP(43465,'Valores Cuota Diarios'!$B:$Q,Gráficos!L$25,0))-1)^(360/365))-1 -> 0.15601043 | M33: - | P33: 2019 | Q33: - | R33: - | S33: - | T33: - | W33: 2019 | Y33: - | Z33: - | AC33: 2019 | AD33: - | AE33: - | AF33: - | AG33: - | AJ33: 2019 | AL33: - | AM33: -
A34: 43465 | B34: Desde incepción | C34: =+(VLOOKUP($A27,'Valores Cuota Diarios'!$B:$Q,Gráficos!C$25,0)/VLOOKUP(43248,'Valores Cuota Diarios'!$B:$Q,Gráficos!C$25,0))-1 -> 0.14657005 | D34: =+(VLOOKUP($A27,'Valores Cuota Diarios'!$B:$Q,Gráficos!D$25,0)/VLOOKUP(43248,'Valores Cuota Diarios'!$B:$Q,Gráficos!D$25,0))-1 -> 0.13514961 | E34: =+(VLOOKUP($A27,'Valores Cuota Diarios'!$B:$Q,Gráficos!E$25,0)/VLOOKUP(43248,'Valores Cuota Diarios'!$B:$Q,Gráficos!E$25,0))-1 -> 0.12049708 | F34: =+(VLOOKUP($A27,'Valores Cuota Diarios'!$B:$Q,Gráficos!F$25,0)/VLOOKUP(43993,'Valores Cuota Diarios'!$B:$Q,Gráficos!F$25,0))-1 -> 0.082112359 | I34: Desde incepción | J34: =+(VLOOKUP($A27,'Valores Cuota Diarios'!$B:$Q,Gráficos!J$25,0)/VLOOKUP(43248,'Valores Cuota Diarios'!$B:$Q,Gráficos!J$25,0))-1 -> 0.77130593 | K34: =+(VLOOKUP($A27,'Valores Cuota Diarios'!$B:$Q,Gráficos!K$25,0)/VLOOKUP(43248,'Valores Cuota Diarios'!$B:$Q,Gráficos!K$25,0))-1 -> 0.73378685 | L34: =+(VLOOKUP($A27,'Valores Cuota Diarios'!$B:$Q,Gráficos!L$25,0)/VLOOKUP(43248,'Valores Cuota Diarios'!$B:$Q,Gráficos!L$25,0))-1 -> 0.67567336 | M34: =+(VLOOKUP($A27,'Valores Cuota Diarios'!$B:$Q,Gráficos!M$25,0)/VLOOKUP(43993,'Valores Cuota Diarios'!$B:$Q,Gráficos!M$25,0))-1 -> 0.73846805 | P34: Desde incepción | Q34: - | R34: =+(VLOOKUP($A27,'Valores Cuota Diarios'!$B:$Q,Gráficos!R$25,0)/VLOOKUP(43858,'Valores Cuota Diarios'!$B:$Q,Gráficos!R$25,0))-1 -> -1 | S34: =+(VLOOKUP($A27,'Valores Cuota Diarios'!$B:$Q,Gráficos!S$25,0)/VLOOKUP(43856,'Valores Cuota Diarios'!$B:$Q,Gráficos!S$25,0))-1 -> -1 | T34: =+(VLOOKUP($A27,'Valores Cuota Diarios'!$B:$Q,Gráficos!T$25,0)/VLOOKUP(43856,'Valores Cuota Diarios'!$B:$Q,Gráficos!T$25,0))-1 -> -1 | W34: Desde incepción | Y34: =+(VLOOKUP($A27,'Valores Cuota Diarios'!$B:$T,Gráficos!Y$25,0)/VLOOKUP(45950,'Valores Cuota Diarios'!$B:$T,Gráficos!Y$25,0))-1 -> 0.0075967525 | Z34: =+(VLOOKUP($A27,'Valores Cuota Diarios'!$B:$T,Gráficos!Z$25,0)/VLOOKUP(45797,'Valores Cuota Diarios'!$B:$T,Gráficos!Z$25,0))-1 -> 0.11347678 | AC34: Desde incepción | AD34: - | AE34: =+(VLOOKUP($A27,'Valores Cuota Diarios'!$B:$Q,Gráficos!AE$25,0)/VLOOKUP(43858,'Valores Cuota Diarios'!$B:$Q,Gráficos!AE$25,0))-1 -> -1 | AF34: =+(VLOOKUP($A27,'Valores Cuota Diarios'!$B:$Q,Gráficos!AF$25,0)/VLOOKUP(43856,'Valores Cuota Diarios'!$B:$Q,Gráficos!AF$25,0))-1 -> -1 | AG34: =+(VLOOKUP($A27,'Valores Cuota Diarios'!$B:$Q,Gráficos!AG$25,0)/VLOOKUP(43856,'Valores Cuota Diarios'!$B:$Q,Gráficos!AG$25,0))-1 -> -1 | AJ34: Desde incepción | AL34: - | AM34: =+(VLOOKUP($A27,'Valores Cuota Diarios'!$B:$Q,Gráficos!AM$25,0)/VLOOKUP(44781,'Valores Cuota Diarios'!$B:$Q,Gráficos!AM$25,0))-1 -> 0.14658879
A35: 43236
A36: 43249 | B36: ="Elaboración propia con información de valor cuota al cierre de "&TEXT(EOMONTH(TODAY(),-1),"mmmm")&" "&TEXT(EOMONTH(TODAY(),-1),"yyyy") -> Elaboración propia con información de valor cuota al cierre de Diciembre 2025
B37: Infórmese de las características esenciales de la inversión en los Fondos Mutuos administrados por Faro Capital SAF, las que se encuentran contenidas en el prospecto simplificado y reglamento de participación. La rentabilidad o ganancia obtenida en el pasado, no garantiza que se repita en el futuro. Estas rentabilidades no incluyen el efecto de las comisiones de suscripción y rescate, ni el impuesto a la renta. La rentabilidad que corresponde al primer año de etapa operativa de cada fondo está calculado en base a una rentabildiad acumulada. Asimismo, la rentabilidad de cada cierre de año es anualizada. (1) En lo que va del año, la serie A del fondo Faro Capital Flexible FMIV no ha tenido cuotas de participación. (2) La rentabilidad de la serie B del fondo Faro Capital Flexible FMIV refleja el rendimiento acumulado desde el 20/10/2025, fecha a partir de la cual dicha serie tiene cuotas. (3) La rentabilidad de la serie C del fondo Faro Capital Flexible FMIV refleja el rendimiento acumulado desde la fecha de incio de operaciones, el 21/05/2025. (4) En el año 2023 y 2025 hubo periodos de tiempo sin cuotas en la serie A del fondo Faro Capiral Corto Plazo Dólares FMIV.
P2669: 105.83184 | Q2669: 169.0558 | AC2669: 105.83184 | AD2669: 169.0558
P2670: 105.84601 | Q2670: 168.44878 | AC2670: 105.84601 | AD2670: 168.44878
P2671: 105.97568 | Q2671: 170.44772 | AC2671: 105.97568 | AD2671: 170.44772

Sheet Valores Cuota Diarios
C1: FARO CAPITAL DEUDA GLOBAL FMIV (Institucional) | F1: FARO CAPITAL RENTA VARIABLE GLOBAL FMIV (Institucional) | I1: FARO CAPITAL GLOBAL INNOVATION FMIV (Institucional) | L1: FARO CAPITAL CORTO PLAZO DÓLARES FMIV (Institucional) | O1: FONDO DE FONDOS FARO CAPITAL GLOBAL INNOVATION FMIV | P1: FONDO DE FONDOS FARO CAPITAL DEUDA GLOBAL FMIV | Q1: FONDO DE FONDOS FARO CAPITAL RENTA VARIABLE GLOBAL FMIV | S1: Faro Capital Flexible FMIV (Institucional)
B2: Fecha / Serie | C2: Serie A | D2: Serie B | E2: Serie C | F2: Serie A | G2: Serie B | H2: Serie C | I2: Serie A | J2: Serie B | K2: Serie C | L2: Serie B | M2: Serie C | O2: Valor Cuota | P2: Valor Cuota | Q2: Valor Cuota | S2: Serie B | T2: Serie C
B3: 43208 | C3: 0 | D3: 0 | E3: 100.00552 | F3: 0 | G3: 0 | H3: 100.00552 | I3: 0 | K3: 0 | L3: 0 | M3: 0 | O3: 0 | S3: 0 | T3: 0
B4: 43209 | C4: 0 | D4: 0 | E4: 100.00552 | F4: 0 | G4: 0 | H4: 100.00552 | I4: 0 | K4: 0 | L4: 0 | M4: 0 | O4: 0 | S4: 0 | T4: 0
B5: 43210 | C5: 0 | D5: 0 | E5: 100.00552 | F5: 0 | G5: 0 | H5: 100.00552 | I5: 0 | K5: 0 | L5: 0 | M5: 0 | O5: 0 | S5: 0 | T5: 0
B6: 43213 | C6: 0 | D6: 0 | E6: 100.01767 | F6: 0 | G6: 0 | H6: 100.01767 | I6: 0 | K6: 0 | L6: 0 | M6: 0 | O6: 0 | S6: 0 | T6: 0
B7: 43214 | C7: 0 | D7: 0 | E7: 100.01767 | F7: 0 | G7: 0 | H7: 100.01767 | I7: 0 | K7: 0 | L7: 0 | M7: 0 | O7: 0 | S7: 0 | T7: 0
B8: 43215 | C8: 0 | D8: 0 | E8: 100.01767 | F8: 0 | G8: 0 | H8: 100.01767 | I8: 0 | K8: 0 | L8: 0 | M8: 0 | O8: 0 | S8: 0 | T8: 0
B9: 43216 | C9: 0 | D9: 0 | E9: 100.0276 | F9: 0 | G9: 0 | H9: 100.0276 | I9: 0 | K9: 0 | L9: 0 | M9: 0 | O9: 0 | S9: 0 | T9: 0
B10: 43217 | C10: 0 | D10: 0 | E10: 100.0276 | F10: 0 | G10: 0 | H10: 100.0276 | I10: 0 | K10: 0 | L10: 0 | M10: 0 | O10: 0 | S10: 0 | T10: 0
B11: 43220 | C11: 0 | D11: 0 | E11: 100.0276 | F11: 0 | G11: 0 | H11: 100.0276 | I11: 0 | K11: 0 | L11: 0 | M11: 0 | O11: 0 | S11: 0 | T11: 0
B12: 43222 | C12: 0 | D12: 0 | E12: 100.0276 | F12: 0 | G12: 0 | H12: 100.0276 | I12: 0 | K12: 0 | L12: 0 | M12: 0 | O12: 0 | S12: 0 | T12: 0
B13: 43223 | C13: 0 | D13: 0 | E13: 100.0276 | F13: 0 | G13: 0 | H13: 100.0276 | I13: 0 | K13: 0 | L13: 0 | M13: 0 | O13: 0 | S13: 0 | T13: 0
B14: 43224 | C14: 0 | D14: 0 | E14: 100.0276 | F14: 0 | G14: 0 | H14: 100.0276 | I14: 0 | K14: 0 | L14: 0 | M14: 0 | O14: 0 | S14: 0 | T14: 0
... B583: 43857 | C583: 107.97254 | D583: 107.59814 | E583: 106.92632 | F583: 104.01052 | G583: 103.28863 | H583: 102.46592 | I583: 0 | K583: 100.01128 | L583: 0 | M583: 0 | O583: 99.99538 | S583: 0 | T583: 0
B584: 43858 | C584: 107.86573 | D584: 107.49135 | E584: 106.81985 | F584: 104.96965 | G584: 104.24042 | H584: 103.40878 | I584: 100 | J584: 100 | K584: 101.11006 | L584: 0 | M584: 0 | O584: 99.994725 | S584: 0 | T584: 0
B585: 43859 | C585: 108.03302 | D585: 107.65771 | E585: 106.98481 | F585: 105.06037 | G585: 104.32983 | H585: 103.49612 | I585: 100 | J585: 99.958813 | K585: 101.06775 | L585: 0 | M585: 0 | O585: 99.95303 | S585: 0 | T585: 0
B586: 43860 | C586: 107.97399 | D586: 107.59852 | E586: 106.92565 | F586: 104.93954 | G586: 104.20916 | H586: 103.37506 | I586: 100 | J586: 99.867461 | K586: 100.97473 | L586: 0 | M586: 0 | O586: 99.848446 | S586: 0 | T586: 0
B587: 43861 | C587: 108.06507 | D587: 107.68894 | E587: 107.01515 | F587: 103.23148 | G587: 102.51231 | H587: 101.69045 | I587: 100 | J587: 97.999796 | K587: 99.085703 | L587: 0 | M587: 0 | O587: 98.139303 | S587: 0 | T587: 0
B588: 43862 | C588: 108.0703 | D588: 107.69379 | E588: 107.01962 | F588: 103.22874 | G588: 102.50892 | H588: 101.68576 | I588: 100 | J588: 97.995479 | K588: 99.080689 | L588: 0 | M588: 0 | O588: 98.133948 | S588: 0 | T588: 0
B589: 43863 | C589: 108.07554 | D589: 107.69866 | E589: 107.02411 | F589: 103.22603 | G589: 102.50556 | H589: 101.68109 | I589: 100 | J589: 97.991624 | K589: 99.076142 | L589: 0 | M589: 0 | O589: 98.129825 | S589: 0 | T589: 0
B590: 43864 | C590: 108.10521 | D590: 107.72788 | E590: 107.0528 | F590: 103.93607 | G590: 103.20996 | H590: 102.37849 | I590: 100 | J590: 99.255024 | K590: 100.35287 | L590: 0 | M590: 0 | O590: 99.269023 | S590: 0 | T590: 0
B591: 43865 | C591: 108.10696 | D591: 107.72927 | E591: 107.05382 | F591: 105.78536 | G591: 105.04565 | H591: 104.19802 | I591: 100 | J591: 101.38117 | K591: 102.50186 | L591: 0 | M591: 0 | O591: 101.1879 | S591: 0 | T591: 0
B592: 43866 | C592: 108.16423 | D592: 107.78599 | E592: 107.10983 | F592: 106.76931 | G592: 106.02202 | H592: 105.16513 | I592: 100 | J592: 102.44465 | K592: 102.43794 | L592: 0 | M592: 0 | O592: 102.22514 | S592: 0 | T592: 0
B593: 43867 | C593: 108.27295 | D593: 107.89397 | E593: 107.21679 | F593: 107.12545 | G593: 106.37497 | H593: 105.51385 | I593: 100 | J593: 102.85 | K593: 102.84258 | L593: 0 | M593: 0 | O593: 102.58508 | S593: 0 | T593: 0
B594: 43868 | C594: 108.41776 | D594: 108.03792 | E594: 107.35948 | F594: 106.38913 | G594: 105.64311 | H594: 104.78654 | I594: 100 | J594: 102.20354 | K594: 102.1955 | L594: 0 | M594: 0 | O594: 102.04487 | S594: 0 | T594: 0
B595: 43869 | C595: 108.42302 | D595: 108.04281 | E595: 107.36399 | F595: 106.38634 | G595: 105.63965 | H595: 104.78173 | I595: 100 | J595: 102.19952 | K595: 102.19081 | L595: 0 | M595: 0 | O595: 102.0402 | S595: 0 | T595: 0
... B718: 43992 | C718: 103.51653 | D718: 103.11195 | E718: 102.4228 | F718: 102.10346 | G718: 101.30511 | H718: 100.32047 | I718: 100 | J718: 103.93581 | K718: 103.84319 | L718: 0 | M718: 0 | O718: 105.34946 | S718: 0 | T718: 0
B719: 43993 | C719: 102.92394 | D719: 102.52133 | E719: 101.83581 | F719: 96.535832 | G719: 95.780388 | H719: 94.848205 | I719: 100 | J719: 98.371305 | K719: 98.282993 | L719: 0 | M719: 0 | O719: 99.712935 | P719: 100 | Q719: 100 | S719: 0 | T719: 0
B720: 43994 | C720: 102.78311 | D720: 102.38072 | E720: 101.6958 | F720: 97.82957 | G720: 97.063365 | H720: 96.117436 | I720: 100 | J720: 99.385818 | K720: 99.295944 | L720: 0 | M720: 0 | O720: 100.72996 | P720: 99.862517 | Q720: 101.33818 | R720: 0.013381766 | S720: 0 | T720: 0
B721: 43995 | C721: 102.79032 | D721: 102.38757 | E721: 101.70227 | F721: 97.827005 | G721: 97.060184 | H721: 96.113025 | I721: 100 | J721: 99.381909 | K721: 99.291387 | L721: 0 | M721: 0 | O721: 100.72542 | P721: 99.868871 | Q721: 101.33352 | R721: -4.5982994e-05 | S721: 0 | T721: 0
B722: 43996 | C722: 102.79754 | D722: 102.39441 | E722: 101.70874 | F722: 97.82444 | G722: 97.057002 | H722: 96.108614 | I722: 100 | J722: 99.378 | K722: 99.286831 | L722: 0 | M722: 0 | O722: 100.72087 | P722: 99.875215 | Q722: 101.32887 | R722: -4.583045e-05 | S722: 0 | T722: 0
B723: 43997 | C723: 102.33679 | D723: 101.93514 | E723: 101.2522 | F723: 98.515659 | G723: 97.742159 | H723: 96.785807 | I723: 100 | J723: 101.17543 | K723: 101.08195 | L723: 0 | M723: 0 | O723: 102.50528 | P723: 99.426914 | Q723: 102.04288 | R723: 0.0070464066 | S723: 0 | T723: 0
B724: 43998 | C724: 102.75439 | D724: 102.35077 | E724: 101.66471 | F724: 100.20212 | G724: 99.414722 | H724: 98.440714 | I724: 100 | J724: 102.82111 | K724: 102.72543 | L724: 0 | M724: 0 | O724: 104.17068 | P724: 99.831995 | Q724: 103.34769 | R724: 0.012786873 | S724: 0 | T724: 0
B725: 43999 | C725: 102.73787 | D725: 102.33398 | E725: 101.64771 | F725: 100.29692 | G725: 99.508129 | H725: 98.531914 | I725: 100 | J725: 103.1969 | K725: 103.1002 | L725: 0 | M725: 0 | O725: 104.55044 | P725: 99.815291 | Q725: 103.44292 | R725: 0.00092147564 | S725: 0 | T725: 0
B726: 44000 | C726: 102.79822 | D726: 102.39375 | E726: 101.70675 | F726: 100.43473 | G726: 99.644199 | H726: 98.665356 | I726: 100 | J726: 103.62092 | K726: 103.52314 | L726: 0 | M726: 0 | O726: 104.97566 | P726: 99.873264 | Q726: 103.58302 | R726: 0.00135443 | S726: 0 | T726: 0
B727: 44001 | C727: 102.93898 | D727: 102.53362 | E727: 101.84534 | F727: 100.12602 | G727: 99.337271 | H727: 98.360153 | I727: 100 | J727: 103.44205 | K727: 103.34376 | L727: 0 | M727: 0 | O727: 104.8004 | P727: 100.00937 | Q727: 103.26258 | R727: -0.0030935872 | S727: 0 | T727: 0
B728: 44002 | C728: 102.94628 | D728: 102.54056 | E728: 101.8519 | F728: 100.1234 | G728: 99.334015 | H728: 98.355639 | I728: 100 | J728: 103.43798 | K728: 103.33902 | L728: 0 | M728: 0 | O728: 104.79559 | P728: 97.546876 | Q728: 103.25785 | R728: -4.5869501e-05 | S728: 0 | T728: 0
B729: 44003 | C729: 102.95359 | D729: 102.5475 | E729: 101.85846 | F729: 100.12077 | G729: 99.330759 | H729: 98.351126 | I729: 100 | J729: 103.43391 | K729: 103.33428 | L729: 0 | M729: 0 | O729: 104.79078 | P729: 100.02226 | Q729: 103.2531 | R729: -4.5962171e-05 | S729: 0 | T729: 0
B730: 44004 | C730: 103.13696 | D730: 102.72981 | E730: 102.03921 | F730: 101.01932 | G730: 100.22156 | H730: 99.23184 | I730: 100 | J730: 105.31983 | K730: 105.21769 | L730: 0 | M730: 0 | O730: 106.69972 | P730: 100.19976 | Q730: 104.17783 | R730: 0.0089559256 | S730: 0 | T730: 0
B731: 44005 | C731: 103.25423 | D731: 102.84629 | E731: 102.15457 | F731: 101.63335 | G731: 100.83008 | H731: 99.833043 | I731: 100 | J731: 105.87597 | K731: 105.7726 | L731: 0 | M731: 0 | O731: 107.26112 | P731: 100.31304 | Q731: 104.80909 | R731: 0.0060594347 | S731: 0 | T731: 0
... B1159: 44433 | C1159: 113.36514 | D1159: 112.75895 | E1159: 111.84354 | F1159: 143.81659 | G1159: 142.28015 | H1159: 140.08491 | I1159: 0 | J1159: 147.51063 | K1159: 146.95369 | L1159: 0 | M1159: 0 | O1159: 148.63229 | P1159: 109.67859 | Q1159: 146.73456 | R1159: 0.0013617395 | S1159: 0 | T1159: 0
B1160: 44434 | C1160: 113.30915 | D1160: 112.70288 | E1160: 111.78756 | F1160: 142.90132 | G1160: 141.37372 | H1160: 139.19064 | I1160: 0 | J1160: 146.50653 | K1160: 145.95243 | L1160: 0 | M1160: 0 | O1160: 147.61951 | P1160: 109.62484 | Q1160: 145.80751 | S1160: 0 | T1160: 0
B1161: 44435 | C1161: 113.58684 | D1161: 112.97872 | E1161: 112.06079 | F1161: 144.23365 | G1161: 142.69088 | H1161: 140.48562 | I1161: 0 | J1161: 148.79008 | K1161: 148.22637 | L1161: 0 | M1161: 0 | O1161: 149.91962 | P1161: 109.89276 | Q1161: 147.16432 | S1161: 0 | T1161: 0
B1162: 44436 | C1162: 113.588 | D1162: 112.9795 | E1162: 112.0612 | F1162: 144.22987 | G1162: 142.6862 | H1162: 140.47917 | I1162: 0 | J1162: 148.78422 | K1162: 148.21956 | L1162: 0 | M1162: 0 | O1162: 149.91275 | P1162: 109.89316 | Q1162: 147.15756 | S1162: 0 | T1162: 0
B1163: 44437 | C1163: 113.58917 | D1163: 112.98029 | E1163: 112.06162 | F1163: 144.22609 | G1163: 142.68153 | H1163: 140.47272 | I1163: 0 | J1163: 148.77837 | K1163: 148.21276 | L1163: 0 | M1163: 0 | O1163: 149.90589 | P1163: 109.89357 | Q1163: 147.15081 | S1163: 0 | T1163: 0
B1164: 44438 | C1164: 113.66368 | D1164: 113.05404 | E1164: 112.13439 | F1164: 144.72338 | G1164: 143.17255 | H1164: 140.9543 | I1164: 0 | J1164: 149.49944 | K1164: 148.93011 | L1164: 0 | M1164: 0 | O1164: 150.6293 | P1164: 109.96493 | Q1164: 147.6554 | S1164: 0 | T1164: 0
B1165: 44439 | C1165: 113.73936 | D1165: 113.12893 | E1165: 112.20832 | F1165: 144.57592 | G1165: 143.02574 | H1165: 140.80792 | I1165: 0 | J1165: 149.51051 | K1165: 148.94016 | L1165: 0 | M1165: 0 | O1165: 150.62763 | P1165: 110.02606 | Q1165: 147.49278 | S1165: 0 | T1165: 0
B1166: 44440 | C1166: 113.91941 | D1166: 113.30765 | E1166: 112.38521 | F1166: 145.09152 | G1166: 143.53487 | H1166: 141.3073 | I1166: 0 | J1166: 150.55069 | K1166: 149.9754 | L1166: 0 | M1166: 0 | O1166: 151.66638 | P1166: 110.19798 | Q1166: 148.00507 | S1166: 0 | T1166: 0
B1167: 44441 | C1167: 114.01639 | D1167: 113.40374 | E1167: 112.48015 | F1167: 145.49613 | G1167: 143.93419 | H1167: 141.69857 | I1167: 0 | J1167: 150.98345 | K1167: 150.40551 | L1167: 0 | M1167: 0 | O1167: 152.10141 | P1167: 110.29107 | Q1167: 148.41463 | S1167: 0 | T1167: 0
B1168: 44442 | C1168: 114.06374 | D1168: 113.45046 | E1168: 112.52611 | F1168: 145.45025 | G1168: 143.88786 | H1168: 141.6511 | I1168: 0 | J1168: 151.20874 | K1168: 150.62895 | L1168: 0 | M1168: 0 | O1168: 152.32592 | P1168: 110.33558 | Q1168: 148.36511 | S1168: 0 | T1168: 0
B1169: 44443 | C1169: 114.06485 | D1169: 113.4512 | E1169: 112.52648 | F1169: 145.44644 | G1169: 143.88315 | H1169: 141.6446 | I1169: 0 | J1169: 151.20279 | K1169: 150.62204 | L1169: 0 | M1169: 0 | O1169: 152.31893 | P1169: 110.33593 | Q1169: 148.35831 | S1169: 0 | T1169: 0
B1170: 44444 | C1170: 114.06597 | D1170: 113.45194 | E1170: 112.52685 | F1170: 145.44262 | G1170: 143.87843 | H1170: 141.6381 | I1170: 0 | J1170: 151.19685 | K1170: 150.61513 | L1170: 0 | M1170: 0 | O1170: 152.31194 | P1170: 110.33629 | Q1170: 148.35151 | S1170: 0 | T1170: 0
B1171: 44445 | C1171: 114.11125 | D1171: 113.4966 | E1171: 112.57078 | F1171: 145.47621 | G1171: 143.91071 | H1171: 141.66802 | I1171: 0 | J1171: 151.22999 | K1171: 150.64716 | L1171: 0 | M1171: 0 | O1171: 152.34438 | P1171: 110.37931 | Q1171: 148.38275 | S1171: 0 | T1171: 0
... B2016: 45290 | C2016: 102.75947 | D2016: 101.92327 | E2016: 100.81237 | F2016: 135.33635 | G2016: 133.12833 | H2016: 129.60929 | I2016: 87.6758 | J2016: 118.78892 | K2016: 117.67741 | L2016: 101.86441 | M2016: 105.6051 | O2016: 117.96249 | P2016: 97.847016 | Q2016: 135.20097 | S2016: 0 | T2016: 0
B2017: =+B2016+1 -> 45291 | C2017: 102.75778 | D2017: 101.92126 | E2017: 100.81006 | F2017: 135.332 | G2017: 133.12318 | H2017: 129.60258 | I2017: 87.672185 | J2017: 118.78325 | K2017: 117.67102 | L2017: 101.87949 | M2017: 105.62055 | O2017: 117.95518 | P2017: 97.844116 | Q2017: 135.19324 | S2017: 0 | T2017: 0
B2018: =+B2017+1 -> 45292 | C2018: 102.75725 | D2018: 101.92039 | E2018: 100.80887 | F2018: 135.32765 | G2018: 133.11803 | H2018: 129.59587 | I2018: 87.668569 | J2018: 118.77757 | K2018: 117.66462 | L2018: 101.89457 | M2018: 105.63601 | O2018: 117.94787 | P2018: 97.842313 | Q2018: 135.18552 | S2018: 0 | T2018: 0
B2019: =+B2018+1 -> 45293 | C2019: 102.32963 | D2019: 101.49593 | E2019: 100.38871 | F2019: 133.92138 | G2019: 131.73386 | H2019: 128.24664 | I2019: 85.482635 | J2019: 115.8152 | K2019: 114.72926 | L2019: 101.90993 | M2019: 105.65177 | O2019: 115.00658 | P2019: 97.433915 | Q2019: 133.77709 | S2019: 0 | T2019: 0
B2020: =+B2019+1 -> 45294 | C2020: 101.94663 | D2020: 101.11572 | E2020: 100.01232 | F2020: 132.79221 | G2020: 130.62228 | H2020: 127.16281 | I2020: 83.702784 | J2020: 113.40305 | K2020: 112.33899 | L2020: 101.92306 | M2020: 105.66521 | O2020: 112.6113 | P2020: 97.068006 | Q2020: 132.64554 | S2020: 0 | T2020: 0
B2021: =+B2020+1 -> 45295 | C2021: 101.68661 | D2021: 100.85748 | E2021: 99.756569 | F2021: 132.17306 | G2021: 130.01239 | H2021: 126.56742 | I2021: 83.318489 | J2021: 112.88165 | K2021: 111.82175 | L2021: 101.93841 | M2021: 105.67911 | O2021: 112.09227 | P2021: 96.819171 | Q2021: 132.02361 | S2021: 0 | T2021: 0
B2022: =+B2021+1 -> 45296 | C2022: 101.65955 | D2022: 100.83031 | E2022: 99.729369 | F2022: 132.31474 | G2022: 130.1509 | H2022: 126.7006 | I2022: 83.251916 | J2022: 112.79072 | K2022: 111.73094 | L2022: 101.95412 | M2022: 105.69522 | O2022: 112.0004 | P2022: 96.792129 | Q2022: 132.16185 | S2022: 0 | T2022: 0
B2023: =+B2022+1 -> 45297 | C2023: 101.65912 | D2023: 100.82956 | E2023: 99.728295 | F2023: 132.31047 | G2023: 130.14584 | H2023: 126.69402 | I2023: 83.248446 | J2023: 112.78528 | K2023: 111.72482 | L2023: 101.96936 | M2023: 105.71085 | O2023: 111.99337 | P2023: 96.790433 | Q2023: 132.15426 | S2023: 0 | T2023: 0
B2024: =+B2023+1 -> 45298 | C2024: 101.65869 | D2024: 100.8288 | E2024: 99.727222 | F2024: 132.30619 | G2024: 130.14078 | H2024: 126.68743 | I2024: 83.244975 | J2024: 112.77984 | K2024: 111.71869 | L2024: 101.98461 | M2024: 105.72649 | O2024: 111.98633 | P2024: 96.788739 | Q2024: 132.14666 | S2024: 0 | T2024: 0
B2025: =+B2024+1 -> 45299 | C2025: 101.84103 | D2025: 101.00932 | E2025: 99.905444 | F2025: 132.92848 | G2025: 130.75203 | H2025: 127.28079 | I2025: 84.717454 | J2025: 114.77399 | K2025: 113.69334 | L2025: 101.99399 | M2025: 105.73604 | O2025: 113.96354 | P2025: 96.960999 | Q2025: 132.76507 | S2025: 0 | T2025: 0
B2026: =+B2025+1 -> 45300 | C2026: 101.76551 | D2026: 100.93409 | E2026: 99.830704 | F2026: 132.71723 | G2026: 130.54339 | H2026: 127.07602 | I2026: 84.695766 | J2026: 114.74385 | K2026: 113.66274 | L2026: 102.00849 | M2026: 105.75089 | O2026: 113.92733 | P2026: 96.887833 | Q2026: 132.5491 | S2026: 0 | T2026: 0
B2027: =+B2026+1 -> 45301 | C2027: 101.89931 | D2027: 101.06646 | E2027: 99.961303 | F2027: 133.10017 | G2027: 130.91919 | H2027: 127.44017 | I2027: 85.209885 | J2027: 115.43961 | K2027: 114.3512 | L2027: 102.02216 | M2027: 105.76489 | O2027: 114.6161 | P2027: 97.013928 | Q2027: 132.92832 | S2027: 0 | T2027: 0
B2028: =+B2027+1 -> 45302 | C2028: 102.01734 | D2028: 101.1832 | E2028: 100.07643 | F2028: 132.82949 | G2028: 130.6521 | H2028: 127.17851 | I2028: 84.985464 | J2028: 115.13482 | K2028: 114.04853 | L2028: 102.03689 | M2028: 105.77999 | O2028: 114.312 | P2028: 97.125009 | Q2028: 132.65487 | S2028: 0 | T2028: 0
... B2507: =+B2506+1 -> 45781 | C2507: 105.80518 | D2507: 104.80136 | E2507: 103.51801 | F2507: 146.05539 | G2507: 143.21077 | H2507: 138.66772 | I2507: 0 | J2507: 122.20972 | K2507: 120.67713 | L2507: 0 | M2507: 111.99612 | O2507: 120.35169 | P2507: 100.10445 | Q2507: 144.11885 | S2507: 0 | T2507: 0
B2508: =+B2507+1 -> 45782 | C2508: 105.68535 | D2508: 104.6825 | E2508: 103.40044 | F2508: 146.32909 | G2508: 143.4782 | H2508: 138.92575 | I2508: 0 | J2508: 121.67397 | K2508: 120.14731 | L2508: 0 | M2508: 112.00126 | O2508: 119.82368 | P2508: 99.990303 | Q2508: 144.38601 | S2508: 0 | T2508: 100 | U2508: x
B2509: =+B2508+1 -> 45783 | C2509: 105.7411 | D2509: 104.73755 | E2509: 103.45464 | F2509: 146.08737 | G2509: 143.24025 | H2509: 138.69444 | I2509: 0 | J2509: 120.86284 | K2509: 119.34557 | L2509: 0 | M2509: 112.01728 | O2509: 119.02523 | P2509: 100.04213 | Q2509: 144.14452 | S2509: 0 | T2509: 100
B2510: =+B2509+1 -> 45784 | C2510: 106.00351 | D2510: 104.99729 | E2510: 103.71104 | F2510: 145.50603 | G2510: 142.6693 | H2510: 138.14071 | I2510: 0 | J2510: 121.13279 | K2510: 119.61135 | L2510: 0 | M2510: 112.02858 | O2510: 119.28869 | P2510: 100.28928 | Q2510: 143.56829 | S2510: 0 | T2510: 100
B2511: =+B2510+1 -> 45785 | C2511: 105.92577 | D2511: 104.92012 | E2511: 103.63464 | F2511: 146.53818 | G2511: 143.68039 | H2511: 139.11878 | I2511: 0 | J2511: 122.55014 | K2511: 121.0101 | L2511: 0 | M2511: 112.03979 | O2511: 120.67917 | P2511: 100.21493 | Q2511: 144.58304 | S2511: 0 | T2511: 100.00801
B2512: =+B2511+1 -> 45786 | C2512: 105.92241 | D2512: 104.91662 | E2512: 103.63101 | F2512: 146.40013 | G2512: 143.54409 | H2512: 138.98591 | I2512: 0 | J2512: 122.73917 | K2512: 121.19596 | L2512: 0 | M2512: 112.05271 | O2512: 120.86356 | P2512: 100.21088 | Q2512: 144.44391 | S2512: 0 | T2512: 100.00801
B2513: =+B2512+1 -> 45787 | C2513: 105.92493 | D2513: 104.91894 | E2513: 103.63314 | F2513: 146.39498 | G2513: 143.5381 | H2513: 138.9792 | I2513: 0 | J2513: 122.73346 | K2513: 121.18953 | L2513: 0 | M2513: 112.06436 | O2513: 120.85622 | P2513: 100.21243 | Q2513: 144.43583 | S2513: 0 | T2513: 100.00801
B2514: =+B2513+1 -> 45788 | C2514: 105.92745 | D2514: 104.92126 | E2514: 103.63526 | F2514: 146.38983 | G2514: 143.53211 | H2514: 138.97249 | I2514: 0 | J2514: 122.72776 | K2514: 121.1831 | L2514: 0 | M2514: 112.07602 | O2514: 120.84888 | P2514: 100.21399 | Q2514: 144.42775 | S2514: 0 | T2514: 100.00801
B2515: =+B2514+1 -> 45789 | C2515: 105.9084 | D2515: 104.90222 | E2515: 103.61628 | F2515: 148.84088 | G2515: 145.93436 | H2515: 141.29749 | I2515: 0 | J2515: 126.66734 | K2515: 125.07229 | L2515: 0 | M2515: 112.07087 | O2515: 124.7259 | P2515: 100.19469 | Q2515: 146.8415 | S2515: 0 | T2515: 100.00801
B2516: =+B2515+1 -> 45790 | C2516: 106.18961 | D2516: 105.18059 | E2516: 103.89107 | F2516: 150.19076 | G2516: 147.25691 | H2516: 142.57709 | I2516: 0 | J2516: 127.74317 | K2516: 126.13374 | L2516: 0 | M2516: 112.08169 | O2516: 125.78336 | P2516: 100.45961 | Q2516: 148.16943 | S2516: 0 | T2516: 100.00801
B2517: =+B2516+1 -> 45791 | C2517: 106.14221 | D2517: 105.13347 | E2517: 103.84436 | F2517: 150.16894 | G2517: 147.23455 | H2517: 142.5545 | I2517: 0 | J2517: 127.63717 | K2517: 126.02825 | L2517: 0 | M2517: 112.09814 | O2517: 125.67725 | P2517: 100.41392 | Q2517: 148.14482 | S2517: 0 | T2517: 100.00801
B2518: =+B2517+1 -> 45792 | C2518: 106.29984 | D2518: 105.28943 | E2518: 103.99823 | F2518: 150.42846 | G2518: 147.48803 | H2518: 142.79899 | I2518: 0 | J2518: 127.81365 | K2518: 126.20168 | L2518: 0 | M2518: 112.11145 | O2518: 125.84925 | P2518: 100.56203 | Q2518: 148.39772 | S2518: 0 | T2518: 100.00801
B2519: =+B2518+1 -> 45793 | C2519: 106.34421 | D2519: 105.3332 | E2519: 104.0413 | F2519: 151.28328 | G2519: 148.32517 | H2519: 143.60858 | I2519: 0 | J2519: 129.07734 | K2519: 127.4486 | L2519: 0 | M2519: 112.12525 | O2519: 127.09167 | P2519: 100.60297 | Q2519: 149.2359 | S2519: 0 | T2519: 100.00801
B2520: =+B2519+1 -> 45794 | C2520: 106.34566 | D2520: 105.33447 | E2520: 104.04238 | F2520: 151.27796 | G2520: 148.31899 | H2520: 143.60164 | I2520: 0 | J2520: 129.07139 | K2520: 127.44188 | L2520: 0 | M2520: 112.13697 | O2520: 127.08405 | P2520: 100.60342 | Q2520: 149.22755 | S2520: 0 | T2520: 100.00801
... B2523: =+B2522+1 -> 45797 | C2523: 106.44611 | D2523: 105.43345 | E2523: 104.13963 | F2523: 151.69303 | G2523: 148.72301 | H2523: 143.98998 | I2523: 0 | J2523: 128.94884 | K2523: 127.31838 | L2523: 0 | M2523: 112.17036 | O2523: 126.95811 | P2523: 100.69543 | Q2523: 149.6266 | S2523: 0 | T2523: 100.00801
B2524: =+B2523+1 -> 45798 | C2524: 106.31717 | D2524: 105.30556 | E2524: 104.01314 | F2524: 150.52526 | G2524: 147.57714 | H2524: 142.87964 | I2524: 0 | J2524: 126.6142 | K2524: 125.01244 | L2524: 0 | M2524: 112.18882 | O2524: 124.65777 | P2524: 100.57282 | Q2524: 148.47062 | T2524: 100.00801 | U2524: x
B2525: =+B2524+1 -> 45799 | C2525: 106.25658 | D2525: 105.24538 | E2525: 103.95353 | F2525: 149.48858 | G2525: 146.5598 | H2525: 141.89376 | I2525: 0 | J2525: 126.75162 | K2525: 125.1473 | L2525: 0 | M2525: 112.20096 | O2525: 124.79132 | P2525: 100.51472 | Q2525: 147.44542 | T2525: 99.823041
B2526: =+B2525+1 -> 45800 | C2526: 106.34198 | D2526: 105.32979 | E2526: 104.03673 | F2526: 148.4698 | G2526: 145.56003 | H2526: 140.92489 | I2526: 0 | J2526: 126.21435 | K2526: 124.61601 | L2526: 0 | M2526: 112.21246 | O2526: 124.2606 | P2526: 100.59438 | Q2526: 146.43791 | T2526: 99.64617
B2527: =+B2526+1 -> 45801 | C2527: 106.34357 | D2527: 105.33119 | E2527: 104.03795 | F2527: 148.46456 | G2527: 145.55394 | H2527: 140.91807 | I2527: 0 | J2527: 126.20851 | K2527: 124.60943 | L2527: 0 | M2527: 112.22415 | O2527: 124.2531 | P2527: 100.59496 | Q2527: 146.42969 | T2527: 99.644822
B2528: =+B2527+1 -> 45802 | C2528: 106.34515 | D2528: 105.33258 | E2528: 104.03915 | F2528: 148.45932 | G2528: 145.54784 | H2528: 140.91125 | I2528: 0 | J2528: 126.20266 | K2528: 124.60284 | L2528: 0 | M2528: 112.23584 | O2528: 124.24561 | P2528: 100.59552 | Q2528: 146.42147 | T2528: 99.643475
B2529: =+B2528+1 -> 45803 | C2529: 106.40627 | D2529: 105.39295 | E2529: 104.09861 | F2529: 148.45408 | G2529: 145.54175 | H2529: 140.90442 | I2529: 0 | J2529: 126.25721 | K2529: 124.65588 | L2529: 0 | M2529: 112.24752 | O2529: 124.29757 | P2529: 100.65228 | Q2529: 146.41324 | T2529: 99.733757
B2530: =+B2529+1 -> 45804 | C2530: 106.70787 | D2530: 105.6915 | E2530: 104.39332 | F2530: 150.98109 | G2530: 148.01822 | H2530: 143.30104 | I2530: 0 | J2530: 128.70848 | K2530: 127.07523 | L2530: 0 | M2530: 112.25969 | O2530: 126.70924 | P2530: 100.93597 | Q2530: 148.89481 | T2530: 100.93212
B2531: =+B2530+1 -> 45805 | C2531: 106.6026 | D2531: 105.58707 | E2531: 104.29 | F2531: 150.67326 | G2531: 147.71546 | H2531: 143.007 | I2531: 0 | J2531: 128.08463 | K2531: 126.45847 | L2531: 0 | M2531: 112.27328 | O2531: 126.09316 | P2531: 100.83522 | Q2531: 148.58871 | T2531: 100.36396
B2532: =+B2531+1 -> 45806 | C2532: 106.81555 | D2532: 105.79781 | E2532: 104.49798 | F2532: 150.77355 | G2532: 147.81281 | H2532: 143.10031 | I2532: 0 | J2532: 127.66685 | K2532: 126.04516 | L2532: 0 | M2532: 112.28304 | O2532: 125.68037 | P2532: 101.03518 | Q2532: 148.68426 | T2532: 100.79589
B2533: =+B2532+1 -> 45807 | C2533: 106.84148 | D2533: 105.82332 | E2533: 104.52301 | F2533: 150.47889 | G2533: 147.52297 | H2533: 142.81877 | I2533: 0 | J2533: 127.41644 | K2533: 125.79711 | L2533: 0 | M2533: 112.28162 | O2533: 125.43258 | P2533: 101.0586 | Q2533: 148.39134 | T2533: 100.73138
B2534: =+B2533+1 -> 45808 | C2534: 106.83855 | D2534: 105.82025 | E2534: 104.5198 | F2534: 150.47356 | G2534: 147.51678 | H2534: 142.81184 | I2534: 0 | J2534: 127.41045 | K2534: 125.79037 | L2534: 0 | M2534: 112.29627 | O2534: 125.42473 | P2534: 101.05485 | Q2534: 148.38299 | T2534: 100.7141
B2535: =+B2534+1 -> 45809 | C2535: 106.84064 | D2535: 105.82214 | E2535: 104.5215 | F2535: 150.46827 | G2535: 147.51063 | H2535: 142.80495 | I2535: 0 | J2535: 127.40473 | K2535: 125.7839 | L2535: 0 | M2535: 112.31096 | O2535: 125.41711 | P2535: 101.05581 | Q2535: 148.37467 | T2535: 100.70901
B2536: =+B2535+1 -> 45810 | C2536: 106.83354 | D2536: 105.81493 | E2536: 104.51421 | F2536: 150.88127 | G2536: 147.91454 | H2536: 143.19504 | I2536: 0 | J2536: 128.33708 | K2536: 126.70356 | L2536: 0 | M2536: 112.323 | O2536: 126.32346 | P2536: 101.04811 | Q2536: 148.77682 | T2536: 101.13544
... B2560: =+B2559+1 -> 45834 | C2560: 108.38024 | D2560: 107.34266 | E2560: 106.01899 | F2560: 156.71299 | G2560: 153.60742 | H2560: 148.68288 | I2560: 0 | J2560: 135.48284 | K2560: 133.73732 | L2560: 0 | M2560: 112.59869 | O2560: 133.24994 | P2560: 102.4795 | Q2560: 154.43688 | T2560: 103.78037
B2561: =+B2560+1 -> 45835 | C2561: 108.51187 | D2561: 107.47286 | E2561: 106.14741 | F2561: 157.85011 | G2561: 154.72099 | H2561: 149.75977 | L2561: 0 | M2561: 112.6027 | P2561: 102.60211 | Q2561: 155.55356 | T2561: 104.07026
B2562: =+B2561+1 -> 45836 | C2562: 108.51417 | D2562: 107.47496 | E2562: 106.14931 | F2562: 157.84461 | G2562: 154.71459 | H2562: 149.75259 | L2562: 0 | M2562: 112.61514 | P2562: 102.60321 | Q2562: 155.5449 | T2562: 104.06512
B2563: =+B2562+1 -> 45837 | C2563: 108.51652 | D2563: 107.47711 | E2563: 106.15126 | F2563: 157.83912 | G2563: 154.70819 | H2563: 149.74542 | L2563: 0 | M2563: 112.6276 | P2563: 102.60436 | Q2563: 155.53623 | T2563: 104.05997
B2564: =+B2563+1 -> 45838 | C2564: 108.72348 | D2564: 107.68192 | E2564: 106.35336 | F2564: 158.36303 | G2564: 155.22069 | H2564: 150.24049 | L2564: 0 | M2564: 112.64467 | P2564: 102.79776 | Q2564: 156.0491 | T2564: 104.5117
...

Sheet Var. CPD %
C5: Faro Capital Corto Plazo Dólares FMIV
C6: Valor Cuota | E6: Variación %
B7: Fecha | C7: Serie A | D7: Serie B | E7: Serie A | F7: Serie B
B8: 45609 | C8: 106.16419 | D8: 109.96885 | E8: - | F8: -
B9: 45610 | C9: 106.17546 | D9: 109.98034 | E9: =+C9/C8-1 -> 0.00010614793 | F9: =+D9/D8-1 -> 0.00010450885
B10: 45611 | C10: 106.18553 | D10: 109.99059 | E10: =+C10/C9-1 -> 9.4833588e-05 | F10: =+D10/D9-1 -> 9.3194525e-05
B11: 45612 | C11: 106.19705 | D11: 110.00234 | E11: =+C11/C10-1 -> 0.00010850812 | F11: =+D11/D10-1 -> 0.00010686904
B12: 45613 | C12: 106.20858 | D12: 110.0141 | E12: =+C12/C11-1 -> 0.00010852793 | F12: =+D12/D11-1 -> 0.00010688885
B13: 45614 | C13: 106.22102 | D13: 110.02681 | E13: =+C13/C12-1 -> 0.00011715779 | F13: =+D13/D12-1 -> 0.00011551869
